Workbook

Sheet Planilha
A1: COMPANHIA MUNICIPAL DE TRÂNSITO E URBANIZAÇÃO DE LONDRINA
A2: PLANILHA DE CUSTOS E FORMAÇÃO DE PREÇOS
A4: Mês de Referência | C4: Fevereiro de 2026
A5: Município/UF | C5: Londrina/PR
A6: Acordo, Convenção ou Sentença Normativa em Dissídio Coletivo | C6: CCT SIEMACO 2026/2028 CCT SINTRACOM 2025/2026 CCT SINTRAPAV 2025/2026 CCT SINTTROL 2024/2025
A7: Data base da categoria | C7: SIEMACO 01/02/2025 SINTRACOM 01/06/2025 SINTRAPAV 01/06/2025 SINTTROL 01/08/2024
A8: Nº de meses de execução contratual | C8: 12
A11: COMPOSIÇÃO DE PREÇOS UNITÁRIOS MENSAIS
A13: (A) MÃO DE OBRA
B14: DESCRIÇÃO | C14: UNID. | D14: QTD. | E14: PREÇO UNITÁRIO | F14: SUBTOTAL
A15: A.1 | B15: Coletores | C15: vb/mês | D15: 24 | E15: ='(A.1) Coletores'!C99 -> 5930.4823 | F15: =D15*E15 -> 142331.58
A16: A.2 | B16: Operador Picador /Triturador | C16: vb/mês | D16: 1 | E16: ='(A.2) Op Picador Triturador'!C99 -> 5437.6606 | F16: =D16*E16 -> 5437.6606
A17: A.3 | B17: Operador de Pá carregadeira | C17: vb/mês | D17: 1 | E17: ='(A.3) Operador Pá carregadeira'!C99 -> 6459.63 | F17: =D17*E17 -> 6459.63
A18: A.4 | B18: Pedreiro | C18: vb/mês | D18: 4 | E18: ='(A.4) Pedreiro'!C99 -> 6241.3648 | F18: =D18*E18 -> 24965.459
A19: A.5 | B19: Operador de Motosserra/Motopoda | C19: vb/mês | D19: 2 | E19: ='(A.5) Operador de motosserra'!C99 -> 5437.6606 | F19: =D19*E19 -> 10875.321
A20: A.6 | B20: Motorista Cat C | C20: vb/mês | D20: 8 | E20: ='(A.6) Motorista Cat C'!C99 -> 4482.8298 | F20: =D20*E20 -> 35862.638
A21: A.7 | B21: Motorista Cat D | C21: vb/mês | D21: 2 | E21: ='(A.7) Motorista Cat D'!C99 -> 4844.3411 | F21: =D21*E21 -> 9688.6823
A22: A.8 | B22: Operador de minicarregadeira tipo "Bobcat" | C22: vb/mês | D22: 1 | E22: ='(A.8) Operador de Bobcat'!D99 -> 5562.898 | F22: =D22*E22 -> 5562.898
A23: A.9 | B23: Operador de Roçadeira Costal | C23: vb/mês | D23: 4 | E23: ='(A.9) Operador de roçadeira'!D99 -> 6003.2021 | F23: =E23*D23 -> 24012.808
A24: SOMA | F24: =SUM(F15:F23) -> 265196.67
A26: (B) VEÍCULOS - INCLUSAS TODAS AS DEPESAS DE OPERAÇÃO E MANUTENÇÃO, EXCETO MOTORISTA
B27: DESCRIÇÃO | C27: UNID. | D27: QTD. | E27: PREÇO UNITÁRIO | F27: SUBTOTAL
A28: B.1 | B28: Veículo para Transporte de Passageiros | C28: vb/mês | D28: 2 | E28: ='(B.1) Van'!E70 -> 7341.5741 | F28: =E28*D28 -> 14683.148
A29: B.2 | B29: Caminhão basculante trucado | C29: vb/mês | D29: 7 | E29: ='(B.2) Caminhão Basculante'!E72 -> 21920.375 | F29: =E29*D29 -> 153442.63
A30: B.3 | B30: Caminhão Compactador | C30: vb/mês | D30: 1 | E30: ='(B.3) Compactador 15m³'!E79 -> 26603.583 | F30: =E30*D30 -> 26603.583
A31: Crédito de Pis e Cofins | F31: =-9.25%*(SUM(F28:F29)) -> -15551.634
A32: SOMA | F32: =SUM(F28:F31) -> 179177.72
A34: (C) EQUIPAMENTOS LEVES E ACESSÓRIOS - INCLUSAS TODAS AS DEPESAS DE OPERAÇÃO E MANUTENÇÃO, EXCETO MOTORISTA/OPERADOR
B35: DESCRIÇÃO | C35: UNID. | D35: QTD. | E35: PREÇO UNITÁRIO | F35: SUBTOTAL
A36: C.1 | B36: Carreta Semi Reboque - 3,00 x 1,80 metros aprox | C36: vb/mês | D36: 2 | E36: ='Equipamentos - Custo'!J4 -> 896.9125 | F36: ='Equipamentos - Custo'!J4 -> 896.9125
A37: C.2 | B37: Pneus para carreta semi reboque | C37: vb/mês | D37: 4 | E37: 415.79 | F37: =(E37*D37)/12 -> 138.59667
A38: C.3 | B38: Máquina motosserra | C38: vb/mês | D38: 2 | E38: ='Equipamentos - Custo'!J6 -> 239.67917 | F38: ='Equipamentos - Custo'!J6 -> 239.67917
A39: C.4 | B39: Máquina motopoda | C39: vb/mês | D39: 2 | E39: ='Equipamentos - Custo'!J5 -> 475.17744 | F39: =E39*D39 -> 950.35489
A40: C.5 | B40: Máquina Roçadeira | C40: vb/mês | D40: 4 | E40: ='Equipamentos - Custo'!J7 -> 280.56422 | F40: =E40*D40 -> 1122.2569
A41: C.6 | B41: Gasolina equipamentos | C41: lts/mês | D41: =11347.2/12 -> 945.6 | E41: 6.18 | F41: =E41*D41 -> 5843.808
A42: C.7 | B42: Óleo 2 tempos | C42: lts/mês | D42: =321/12*0.5*2 -> 26.75 | E42: 20.47 | F42: =E42*D42 -> 547.5725
A43: Crédito de Pis e Cofins | F43: =-9.25%*(SUM(F36:F42)) -> -900.87421
A44: SOMA | F44: =SUM(F36:F43) -> 8838.3064
A46: (D) EQUIPAMENTOS PESADOS - INCLUSAS TODAS AS DEPESAS DE OPERAÇÃO E MANUTENÇÃO, EXCETO MOTORISTA/OPERADOR
B47: DESCRIÇÃO | C47: UNID. | D47: QTD. | E47: PREÇO UNITÁRIO | F47: SUBTOTAL
A48: D.1 | B48: Pá carregadeira | C48: vb/mês | D48: 1 | E48: 38115 | F48: =E48*D48 -> 38115
A49: D.2 | B49: Picador /Triturador de galhos | C49: vb/mês | D49: 1 | E49: 29672.5 | F49: =E49*D49 -> 29672.5
A50: D.3 | B50: Mini pá carregadeira | C50: vb/mês | D50: 1 | E50: 24366.67 | F50: =E50*D50 -> 24366.67
A51: D.4 | B51: Diesel equipamentos | C51: lts/mês | D51: =67200/12 -> 5600 | E51: 6.01 | F51: =E51*D51 -> 33656
A52: Crédito de Pis e Cofins | F52: =-9.25%*(SUM(F48:F51)) -> -11637.441
A53: SOMA | F53: =SUM(F48:F52) -> 114172.73
A55: (E) BANHEIRO QUÍMICO - INCLUSAS TODAS AS DEPESAS DE OPERAÇÃO E MANUTENÇÃO
B56: DESCRIÇÃO | C56: UNID. | D56: QTD. | E56: PREÇO UNITÁRIO | F56: SUBTOTAL
A57: E.1 | B57: Banheiro Químico | C57: vb/mês | D57: 2 | E57: 1007.33 | F57: =E57*D57 -> 2014.66
A58: Crédito de Pis e Cofins | F58: =-9.25%*(SUM(F57:F57)) -> -186.35605
A59: SOMA | F59: =SUM(F57:F58) -> 1828.3039
A61: (F) MATERIAIS
B62: MATERIAIS | C62: UNID. | D62: QTD. | E62: PREÇO UNITÁRIO | F62: PREÇO MENSAL
A63: F.1 | B63: Sombrite 50% para cobertura do caminhão (7 basculantes) | C63: unid./mês | D63: 470 | E63: 2.22 | F63: =(E63*D63)/12 -> 86.95
A64: F.2 | B64: Ancinho, rastelo curvo, cabo 150 cm | C64: unid./mês | D64: 16 | E64: 23.71 | F64: =(E64*D64)/12 -> 31.613333
A65: F.3 | B65: Balaio polipropileno n° 6 | C65: unid./mês | D65: 40 | E65: 98.81 | F65: =(E65*D65)/12 -> 329.36667
A66: F.4 | B66: Cone para sinalização, laranja e branco, 50 cm | C66: unid./mês | D66: 60 | E66: 17.15 | F66: =(E66*D66)/12 -> 85.75
A67: F.5 | B67: Enxada larga, 30 cm, cabo madeira | C67: unid./mês | D67: 100 | E67: 60.19 | F67: =(E67*D67)/12 -> 501.58333
A68: F.6 | B68: Enxada estreita de 25 cm, cabo de madeira | C68: unid./mês | D68: 100 | E68: 50.03 | F68: =(E68*D68)/12 -> 416.91667
A69: F.7 | B69: Enxadão largo, 130 cm, cabo de madeira | C69: unid./mês | D69: 30 | E69: 51.7 | F69: =(E69*D69)/12 -> 129.25
A70: F.8 | B70: Lima para enxada | C70: unid./mês | D70: 20 | E70: 16.35 | F70: =(E70*D70)/12 -> 27.25
A71: F.9 | B71: Foice, cabo 120 cm, cabo madeira | C71: unid./mês | D71: 20 | E71: 41.3 | F71: =(E71*D71)/12 -> 68.833333
A72: F.10 | B72: Forcado reto, arame, 4 dentes, cabo madeira | C72: unid./mês | D72: 14 | E72: 50.05 | F72: =(E72*D72)/12 -> 58.391667
A73: F.11 | B73: Pá quadrada nº 4 com cabo | C73: unid./mês | D73: 60 | E73: 36.6 | F73: =(E73*D73)/12 -> 183
A74: F.12 | B74: Picareta chibanca, cabo 90cm | C74: unid./mês | D74: 20 | E74: 85.14 | F74: =(E74*D74)/12 -> 141.9
... A81: F.19 | B81: Trena com trava e fita de aço 5mx19mm | C81: unid./mês | D81: 12 | E81: 12.36 | F81: =(E81*D81)/12 -> 12.36
A82: Crédito de Pis e Cofins | F82: =-9.25%*(SUM(F63:F81)) -> -596.25731
A83: SOMA | F83: =SUM(F63:F82) -> 5849.7677
A85: SOMA DOS CUSTOS DIRETOS DOS SERVIÇOS | F85: =F24+F32+F44+F53+F59+F83 -> 575063.51
A87: (F) CUSTOS INDIRETOS, LUCRO E TRIBUTOS
B88: CUSTOS INDIRETOS | C88: % | E88: PREÇO UNITÁRIO | F88: SUBTOTAL
A89: F.1 | B89: Taxa de Rateio de Administração Central (NOTA 1 - AO FINAL DA PLANILHA) | C89: 0.0300438 | E89: =F85*C89 -> 17277.093 | F89: =E89 -> 17277.093
A90: F.2 | B90: Taxa de Seguro (NOTA 1 - AO FINAL DA PLANILHA) | C90: 0.00284 | E90: =F85*C90 -> 1633.1804 | F90: =E90 -> 1633.1804
A91: SOMA | F91: =SUM(F89:F90) -> 18910.273
B93: LUCRO BRUTO | C93: % | E93: PREÇO UNITÁRIO | F93: SUBTOTAL
A94: F.3 | B94: Lucro Bruto (NOTA 1 - AO FINAL DA PLANILHA) | C94: 0.06164 | E94: =((F85+F91)-('Rem. Capital'!D8))*C94 -> 34648.271 | F94: =E94 -> 34648.271
A95: SOMA | F95: =SUM(F94) -> 34648.271
B97: TRIBUTOS | C97: % | E97: PREÇO UNITÁRIO | F97: SUBTOTAL
A98: F.4 | B98: PIS (NOTA 2 - AO FINAL DA PLANILHA) | C98: 0.0165 | E98: =F105*C98 -> 12095.934 | F98: =E98 -> 12095.934
A99: F.5 | B99: COFINS (NOTA 2 - AO FINAL DA PLANILHA) | C99: 0.076 | E99: =F105*C99 -> 55714.607 | F99: =E99 -> 55714.607
A100: F.6 | B100: ISS | C100: 0.05 | E100: =C100*F105 -> 36654.347 | F100: =E100 -> 36654.347
A101: SOMA | F101: =SUM(F98:F100) -> 104464.89
A103: SOMA DOS CUSTO INDIRETOS, LUCRO E TRIBUTOS | F103: =F101+F95+F91 -> 158023.43
A105: (G) VALOR TOTAL MENSAL | F105: =(F85+F91+F95)/(1-C98-C99-C100) -> 733086.94
A108: IMPORTANTE: o detalhamento da descrição de todos os itens da presente planilha, constam no Termo de Referência e devem ser considerados para a composição de custos.
A110: NOTA 1: Os percentuais utilizados como base foram extraídos do Quadro 16, pág.73, do Acórdão 2622/2013.
A112: NOTA 2: A empresa tem a obrigatoriedade de adequar os tributos à realidade financeira da mesma, devendo apresentar junto a planilha final, declaração firmada pelo representante legal e contador da empresa, com o devido CRC, informando qual o regime ou forma de apuração: cumulativo, não-cumulativo ou simples nacional, conforme proposta apresentada.
A114: NOTA 3: Devem ser contemplados todos os descontos obtidos com créditos de PIS e COFINS. As empresas enquadradas no Regime Não-Cumulativo DEVERÃO OBRIGATORIAMENTE conceder os descontos referentes aos itens previstos no art. 3º, da Lei Federal n.º 10.637, de 30/12/2002 e Lei Federal n.º 10.833, de 29/12/2003.
A116: NOTA 4: Nenhum valor unitário poderá ultrapassar os valores estimados na planilha mensal, exceto quando houver justificativa com amparo legal.
A118: NOTA 5: O licitante vencedor, após a fase de lances, deverá anexar a planilha na plataforma do BLL conforme determina o edital de licitação, bem como encaminhar a planilha na versão digital, desbloqueada, para o e-mail: precos@cmtuld.com.br.
A120: NOTA 6: A CMTU-LD poderá realizar diligências para comprovar os valores lançados na planilha do licitante, especialmente para os insumos de fornecimento mensal, caso tais valores sejam manifestamente abaixo do valor de mercado. A comprovação se dará por apresentação de nota fiscal de compra ou orçamento recebido de fornecedores do ramo, expedidos, no máximo, nos últimos 180 dias anteriores. A CMTU-LD, poderá ainda realizar diligências in loco, caso a licitante informe já possuir os insumos/equipamentos em estoque próprio.

Sheet (A.1) Coletores
A1: COMPANHIA MUNICIPAL DE TRÂNSITO E URBANIZAÇÃO DE LONDRINA
A2: PLANILHA DE CUSTOS E FORMAÇÃO DE PREÇOS
A4: Mês de Referência | C4: Fevereiro de 2026
A5: Município/UF | C5: Londrina/PR
A6: Acordo, Convenção ou Sentença Normativa em Dissídio Coletivo | C6: CCT SIEMACO 2026/2028
A7: Data base da categoria | C7: SIEMACO 01/02/2026
A8: Nº de meses de execução contratual | C8: 12
A10: IDENTIFICAÇÃO DO SERVIÇO | C10: CBO
A11: COLETOR | C11: 5142-25
A13: MÓDULO 1 - COMPOSIÇÃO DA REMUNERAÇÃO
A14: 1 | B14: COMPOSIÇÃO DA REMUNERAÇÃO | D14: Valor R$
A15: 1.1 | B15: Salário Base | D15: 2025
A16: 1.2 | B16: Adicional de Assiduidade | D16: 0
A17: 1.3 | B17: Adicional de Risco | D17: 0
A18: 1.4 | B18: Adicional de Periculosidade | D18: =(D15*C18) -> 0
A19: 1.5 | B19: Adicional de Insalubridade | C19: 0.4 | D19: =(1621*C19) -> 648.4
A20: 1.6 | B20: Adicional Noturno | D20: 0
A21: 1.7 | B21: Adicional de Hora Noturna Reduzida | D21: 0
A22: 1.8 | B22: Adicional de Hora Extra | D22: 0
A23: 1.9 | B23: Descanso Semanal Remunerado | D23: 0
A24: 1.10 | B24: Outros | D24: =SUM(D15:D23)*C24 -> 0
A25: TOTAL DA REMUNERAÇÃO | D25: =SUM(D15:D24) -> 2673.4
A27: MÓDULO 2 - ENCARGOS E BENEFÍCIOS ANUAIS, MENSAIS E DIÁRIOS
A28: 2.1 | B28: SUB-MÓDULO 2.1 - 13º SALÁRIO, FÉRIAS E ADICIONAL DE FÉRIAS | C28: % | D28: Valor (R$)
A29: 2.1.1 | B29: 13º salário | C29: 0.0833 | D29: =($D$25*C29) -> 222.69422
A30: 2.1.2 | B30: Férias e terço constitucional de férias | C30: 0.1111 | D30: =($D$25*C30) -> 297.01474
A31: 2.1.3 | B31: Incidência do Sub-módulo 2.2 | C31: =C43*(C29+C30) -> 0.0715392 | D31: =($D$25*C31) -> 191.2529
A32: TOTAL SUB-MÓDULO | D32: =SUM(D29:D31) -> 710.96186
A34: 2.2 | B34: SUB-MÓDULO 2.2 - GPS, FGTS E OUTRAS CONTRIBUIÇÕES | C34: % | D34: Valor (R$)
A35: 2.2.1 | B35: INSS | C35: 0.2 | D35: =(D25*C35) -> 534.68
A36: 2.2.2 | B36: FGTS | C36: 0.08 | D36: =(D25*C36) -> 213.872
A37: 2.2.3 | B37: SESI OU SESC | C37: 0.015 | D37: =(D25*C37) -> 40.101
A38: 2.2.4 | B38: SENAI OU SENAC | C38: 0.01 | D38: =(D25*C38) -> 26.734
A39: 2.2.5 | B39: SEBRAE | C39: 0.006 | D39: =(D25*C39) -> 16.0404
A40: 2.2.6 | B40: INCRA | C40: 0.002 | D40: =(D25*C40) -> 5.3468
A41: 2.2.7 | B41: SALÁRIO EDUCAÇÃO | C41: 0.025 | D41: =(D25*C41) -> 66.835
A42: 2.2.8 | B42: SAT - VER NOTA EXPLICATIVA 1* | C42: 0.03 | D42: =(D25*C42) -> 80.202
A43: TOTAL SUB-MÓDULO | C43: =SUM(C35:C42) -> 0.368 | D43: =SUM(D35:D42) -> 983.8112
A45: 2.3 | B45: SUB-MÓDULO 2.3 - BENEFÍCIOS MENSAIS E DIÁRIOS | D45: Valor R$
A46: 2.3.1 | B46: Transporte | C46: 6.25 | D46: =(C46*50.16)-(6%*D15) -> 192
A47: 2.3.2 | B47: Auxílio Alimentação (vales,cestas básica,etc) | C47: 900 | D47: =C47-(C47*0.2) -> 720
A48: 2.3.3 | B48: Assistência Médica e Familiar | C48: 94.5 | D48: =C48 -> 94.5
A49: 2.3.4 | B49: Benefício Apoio Familiar | C49: 31 | D49: =C49 -> 31
A50: 2.3.5 | B50: Seguro de vida, invalidez e funeral | C50: 0 | D50: =C50 -> 0
A51: 2.3.6 | B51: Fundo de formação profissional | C51: 0 | D51: =C51 -> 0
A52: 2.3.7 | B52: Vale Alimentação - Férias | C52: 900 | D52: =(C52-(C52*0.2))/12 -> 60
A53: 2.3.8 | B53: Desjejum | C53: 205 | D53: =C53 -> 205
A54: 2.3.9 | B54: Crédito de Pis e Cofins | C54: 0.0925 | D54: =-(D46+D47+D52)*C54 -> -89.91
A55: TOTAL SUB-MÓDULO | D55: =SUM(D46:D54) -> 1212.59
A57: QUADRO-RESUMO DO MÓDULO 2- ENCARGOS E BENEFÍCIOS ANUAIS, MENSAIS E DIÁRIOS
A58: 2.1 | B58: 13º SALÁRIO, FÉRIAS E ADICIONAL DE FÉRIAS | C58: =D32 -> 710.96186
A59: 2.2 | B59: GPS, FGTS E OUTRAS CONTRIBUIÇÕES | C59: =D43 -> 983.8112
A60: 2.3 | B60: BENEFÍCIOS MENSAIS E DIÁRIOS | C60: =D55 -> 1212.59
A61: TOTAL | C61: =SUM(C58:D60) -> 2907.3631
A63: MÓDULO 3 - PROVISÃO PARA RESCISÃO
A64: 3 | B64: PROVISÃO PARA RESCISÃO | C64: % | D64: Valor (R$)
A65: 3.1 | B65: Aviso Prévio Indenizado | C65: 0.00417 | D65: =($D$25*C65) -> 11.148078
A66: 3.2 | B66: Incidência do FGTS sobre aviso prévio Indenizado | C66: 0.00033 | D66: =($D$25*C66) -> 0.882222
A67: 3.3 | B67: Multa sobre FGTS e contribuições sociais sobre aviso prévio indenizado | C67: 0 | D67: =($D$25*C67) -> 0
A68: 3.4 | B68: Aviso Prévio Trabalhado | C68: 0.01944 | D68: =($D$25*C68) -> 51.970896
A69: 3.5 | B69: Incidência do Submódulo 2.2 sobre o aviso prévio trabalhado | C69: =C43*C68 -> 0.00715392 | D69: =($D$25*C69) -> 19.12529
A70: 3.6 | B70: Multa sobre FGTS sobre aviso prévio trabalhado | C70: 0.03439 | D70: =($D$25*C70) -> 91.938226
A71: TOTAL SUB-MÓDULO | C71: =SUM(C65:C70) -> 0.06548392 | D71: =SUM(D65:D70) -> 175.06471
A73: MÓDULO 4 - CUSTO DE REPOSIÇÃO DO PROFISSIONAL AUSENTE
A74: 4.1 | B74: SUB-MÓDULO 4.1 - SUBSTITUTO NAS AUSÊNCIAS LEGAIS | C74: % | D74: Valor (R$)
A75: 4.1.1 | B75: Substituto na cobertura de Faltas Legais | C75: 0.00415 | D75: =($D$25*C75) -> 11.09461
A76: 4.1.2 | B76: Substituto na cobertura de Licença paternidade | C76: 0.0002 | D76: =($D$25*C76) -> 0.53468
A77: 4.1.3 | B77: Substituto na cobertura de Acidente de Trabalho | C77: 0.00051 | D77: =($D$25*C77) -> 1.363434
A78: 4.1.4 | B78: Substituto na cobertura de Férias sobre licença maternidade | C78: 0.00039 | D78: =($D$25*C78) -> 1.042626
A79: 4.1.5 | B79: Outros (especificar)
A80: TOTAL SUB-MÓDULO | C80: =SUM(C75:C79) -> 0.00525 | D80: =SUM(D75:D79) -> 14.03535
A82: QUADRO RESUMO DO MÓDULO 4 - CUSTO DE REPOSIÇÃO DO PROFISSIONAL AUSENTE
A83: 4.1 | B83: AUSÊNCIAS LEGAIS | C83: =D80 -> 14.03535
A84: TOTAL | B84: TOTAL | C84: =SUM(C83:D83) -> 14.03535
A86: MÓDULO 5 - INSUMOS DIVERSOS
A87: 5 | B87: INSUMOS DIVERSOS | D87: Valor R$
A88: 5.1 | B88: Uniformes | D88: 61.12
A89: 5.2 | B89: EPI's | D89: 115.87083
A90: 5.3 | B90: Crédito de Pis e Cofins | C90: 0.0925 | D90: =-(D88+D89)*C90 -> -16.371652
B91: TOTAL DE INSUMOS | D91: =SUM(D88:D90) -> 160.61918
A93: QUADRO-RESUMO POR CUSTO DO EMPREGADO
A94: 1 | B94: MÓDULO 1 - COMPOSIÇÃO DA REMUNERAÇÃO | C94: =D25 -> 2673.4
A95: 2 | B95: MÓDULO 2 - ENCARGOS E BENEFÍCIOS ANUAIS, MENSAIS E DIÁRIOS | C95: =C61 -> 2907.3631
A96: 3 | B96: MÓDULO 3 - PROVISÃO PARA RESCISÃO | C96: =D71 -> 175.06471
A97: 4 | B97: MÓDULO 4 - CUSTO DE REPOSIÇÃO DO PROFISSIONAL AUSENTE | C97: =C84 -> 14.03535
A98: 5 | B98: MÓDULO 5 - INSUMOS DIVERSOS | C98: =D91 -> 160.61918
A99: TOTAL | B99: TOTAL | C99: =SUM(C94:D98) -> 5930.4823 | D99: =SUM(D94:D98) -> 0
A101: * NOTA 1: RAT X FAP A licitante deve preencher o item em questão com o valor real do seu RATXFAP. Como forma de comprovação do percentual lançado em planilha, a licitante deverá anexar à proposta comercial final (após a fase de lances) declaração firmada, sob as penas da lei, pelo representante legal e contador, com o devido CRC, ratificando os valores individuais de RAT E FAP apresentados.
A103: * NOTA 2: CUSTOS NÃO RENOVÁVEIS Nas eventuais prorrogações contratuais, os custos não renováveis já pagos ou amortizados no primeiro ano da contratação deverão ser eliminados como condição para a renovação. São custos não renováveis e serão eliminados na proporção da amortização ocorrida no primeiro ano de contrato: aviso prévio indenizado (será permitida a manutenção de 10% do valor inicialmente provisionado, em atendimento à Lei n.º 12.506/2001 e Acórdão 1.186/2017 - Plenário TCU) , aviso prévio trabalhado, incidência do FGTS sobre aviso prévio indenizado, incidência dos encargos do submódulo 2.2. sobre o aviso prévio trabalho e os custos que compõem o módulo 4 - Custo de Reposição do Profissional Ausente.
A105: * NOTA 3: LAUDO DE INSALUBRIDADE/PERICULOSIDADE O pagamento do adicional de insalubridade e/ou periculosidade estará condicionado à realização, pela empresa contratada, de perícia por profissional competente (médico ou engenheiro do trabalho), e da apresentação de laudo que venha a atestar existência de tais adicionais bem como do grau de incidência, (mínimo, médio ou máximo), quando for o caso, bem como se a atividades apontada como insalubre consta da relação da NR–15 do MTE, nos termos do artigo 192 da CLT ou se perciculosa consta da relação da NR-16 DO MTE, nos termos do artigo 195 da CLT. A contratada terá um prazo de até 30 (trinta) dias a partir da celebração do contrato para apresentar o referido laudo.

Sheet (A.2) Op Picador Triturador
A1: COMPANHIA MUNICIPAL DE TRÂNSITO E URBANIZAÇÃO DE LONDRINA
A2: PLANILHA DE CUSTOS E FORMAÇÃO DE PREÇOS
A4: Mês de Referência | C4: Fevereiro de 2026
A5: Município/UF | C5: Londrina/PR
A6: Acordo, Convenção ou Sentença Normativa em Dissídio Coletivo | C6: CCT SIEMACO 2026/2028
A7: Data base da categoria | C7: SIEMACO 01/02/2026
A8: Nº de meses de execução contratual | C8: 12
A10: IDENTIFICAÇÃO DO SERVIÇO | C10: CBO
A11: OPERADOR PARA PICADOR/TRITURADOR DE GALHOS | C11: 5142-25
A13: MÓDULO 1 - COMPOSIÇÃO DA REMUNERAÇÃO
A14: 1 | B14: COMPOSIÇÃO DA REMUNERAÇÃO | D14: Valor R$
A15: 1.1 | B15: Salário Base | D15: 2404
A16: 1.2 | B16: Adicional de Assiduidade | D16: 0
A17: 1.3 | B17: Adicional de Risco
A18: 1.4 | B18: Adicional de Periculosidade | D18: =(D15*C18) -> 0
A19: 1.5 | B19: Adicional de Insalubridade | D19: =1412*C19 -> 0
A20: 1.6 | B20: Adicional Noturno | D20: 0
A21: 1.7 | B21: Adicional de Hora Noturna Reduzida | D21: 0
A22: 1.8 | B22: Adicional de Hora Extra | D22: 0
A23: 1.9 | B23: Descanso Semanal Remunerado | D23: 0
A24: 1.10 | B24: Outros | D24: =SUM(D15:D23)*C24 -> 0
A25: TOTAL DA REMUNERAÇÃO | D25: =SUM(D15:D24) -> 2404
A27: MÓDULO 2 - ENCARGOS E BENEFÍCIOS ANUAIS, MENSAIS E DIÁRIOS
A28: 2.1 | B28: SUB-MÓDULO 2.1 - 13º SALÁRIO, FÉRIAS E ADICIONAL DE FÉRIAS | C28: % | D28: Valor (R$)
A29: 2.1.1 | B29: 13º salário | C29: 0.0833 | D29: =($D$25*C29) -> 200.2532
A30: 2.1.2 | B30: Férias e terço constitucional de férias | C30: 0.1111 | D30: =($D$25*C30) -> 267.0844
A31: 2.1.3 | B31: Incidência do Sub-módulo 2.2 | C31: =C43*(C29+C30) -> 0.0715392 | D31: =($D$25*C31) -> 171.98024
A32: TOTAL SUB-MÓDULO | D32: =SUM(D29:D31) -> 639.31784
A34: 2.2 | B34: SUB-MÓDULO 2.2 - GPS, FGTS E OUTRAS CONTRIBUIÇÕES | C34: % | D34: Valor (R$)
A35: 2.2.1 | B35: INSS | C35: 0.2 | D35: =(D25*C35) -> 480.8
A36: 2.2.2 | B36: FGTS | C36: 0.08 | D36: =(D25*C36) -> 192.32
A37: 2.2.3 | B37: SESI OU SESC | C37: 0.015 | D37: =(D25*C37) -> 36.06
A38: 2.2.4 | B38: SENAI OU SENAC | C38: 0.01 | D38: =(D25*C38) -> 24.04
A39: 2.2.5 | B39: SEBRAE | C39: 0.006 | D39: =(D25*C39) -> 14.424
A40: 2.2.6 | B40: INCRA | C40: 0.002 | D40: =(D25*C40) -> 4.808
A41: 2.2.7 | B41: SALÁRIO EDUCAÇÃO | C41: 0.025 | D41: =(D25*C41) -> 60.1
A42: 2.2.8 | B42: SAT - VER NOTA EXPLICATIVA 1* | C42: 0.03 | D42: =(D25*C42) -> 72.12
A43: TOTAL SUB-MÓDULO | C43: =SUM(C35:C42) -> 0.368 | D43: =SUM(D35:D42) -> 884.672
A45: 2.3 | B45: SUB-MÓDULO 2.3 - BENEFÍCIOS MENSAIS E DIÁRIOS | D45: Valor R$
A46: 2.3.1 | B46: Transporte | C46: 6.25 | D46: =(C46*50.16)-(6%*D15) -> 169.26
A47: 2.3.2 | B47: Auxílio Alimentação (vales,cestas básica,etc) | C47: 900 | D47: =C47-(C47*0.2) -> 720
A48: 2.3.3 | B48: Assistência Médica e Familiar | C48: 94.5 | D48: =C48 -> 94.5
A49: 2.3.4 | B49: Benefício Apoio Familiar | C49: 31 | D49: =C49 -> 31
A50: 2.3.5 | B50: Seguro de vida, invalidez e funeral | D50: =C50 -> 0
A51: 2.3.6 | B51: Fundo de formação profissional | D51: =C51 -> 0
A52: 2.3.7 | B52: Vale Alimentação - Férias | C52: 900 | D52: =(C52-(C52*0.2))/12 -> 60
A53: 2.3.8 | B53: Desjejum | C53: 205 | D53: =C53 -> 205
A54: 2.3.9 | B54: Crédito de Pis e Cofins | C54: 0.0925 | D54: =-(D46+D47+D52)*C54 -> -87.80655
A55: TOTAL SUB-MÓDULO | D55: =SUM(D46:D54) -> 1191.9534
A57: QUADRO-RESUMO DO MÓDULO 2- ENCARGOS E BENEFÍCIOS ANUAIS, MENSAIS E DIÁRIOS
A58: 2.1 | B58: 13º SALÁRIO, FÉRIAS E ADICIONAL DE FÉRIAS | C58: =D32 -> 639.31784
A59: 2.2 | B59: GPS, FGTS E OUTRAS CONTRIBUIÇÕES | C59: =D43 -> 884.672
A60: 2.3 | B60: BENEFÍCIOS MENSAIS E DIÁRIOS | C60: =D55 -> 1191.9534
A61: TOTAL | C61: =SUM(C58:D60) -> 2715.9433
A63: MÓDULO 3 - PROVISÃO PARA RESCISÃO
A64: 3 | B64: PROVISÃO PARA RESCISÃO | C64: % | D64: Valor (R$)
A65: 3.1 | B65: Aviso Prévio Indenizado | C65: 0.00417 | D65: =($D$25*C65) -> 10.02468
A66: 3.2 | B66: Incidência do FGTS sobre aviso prévio Indenizado | C66: 0.00033 | D66: =($D$25*C66) -> 0.79332
A67: 3.3 | B67: Multa sobre FGTS e contribuições sociais sobre aviso prévio indenizado | D67: =($D$25*C67) -> 0
A68: 3.4 | B68: Aviso Prévio Trabalhado | C68: 0.01944 | D68: =($D$25*C68) -> 46.73376
A69: 3.5 | B69: Incidência do Submódulo 2.2 sobre o aviso prévio trabalhado | C69: =C43*C68 -> 0.00715392 | D69: =($D$25*C69) -> 17.198024
A70: 3.6 | B70: Multa sobre FGTS sobre aviso prévio trabalhado | C70: 0.03439 | D70: =($D$25*C70) -> 82.67356
A71: TOTAL SUB-MÓDULO | C71: =SUM(C65:C70) -> 0.06548392 | D71: =SUM(D65:D70) -> 157.42334
A73: MÓDULO 4 - CUSTO DE REPOSIÇÃO DO PROFISSIONAL AUSENTE
A74: 4.1 | B74: SUB-MÓDULO 4.1 - SUBSTITUTO NAS AUSÊNCIAS LEGAIS | C74: % | D74: Valor (R$)
A75: 4.1.1 | B75: Substituto na cobertura de Faltas Legais | C75: 0.00415 | D75: =($D$25*C75) -> 9.9766
A76: 4.1.2 | B76: Substituto na cobertura de Licença paternidade | C76: 0.0002 | D76: =($D$25*C76) -> 0.4808
A77: 4.1.3 | B77: Substituto na cobertura de Acidente de Trabalho | C77: 0.00051 | D77: =($D$25*C77) -> 1.22604
A78: 4.1.4 | B78: Substituto na cobertura de Férias sobre licença maternidade | C78: 0.00039 | D78: =($D$25*C78) -> 0.93756
A79: 4.1.5 | B79: Outros (especificar)
A80: TOTAL SUB-MÓDULO | C80: =SUM(C75:C79) -> 0.00525 | D80: =SUM(D75:D79) -> 12.621
A82: QUADRO RESUMO DO MÓDULO 4 - CUSTO DE REPOSIÇÃO DO PROFISSIONAL AUSENTE
A83: 4.1 | B83: AUSÊNCIAS LEGAIS | C83: =D80 -> 12.621
A84: TOTAL | B84: TOTAL | C84: =SUM(C83:D83) -> 12.621
A86: MÓDULO 5 - INSUMOS DIVERSOS
A87: 5 | B87: INSUMOS DIVERSOS | D87: Valor R$
A88: 5.1 | B88: Uniformes | D88: 61.115
A89: 5.2 | B89: EPI's | D89: 101.61
A90: 5.3 | B90: Crédito de Pis e Cofins | C90: 0.0925 | D90: =-(D88+D89)*C90 -> -15.052062
B91: TOTAL DE INSUMOS | D91: =SUM(D88:D90) -> 147.67294
A93: QUADRO-RESUMO POR CUSTO DO EMPREGADO
A94: 1 | B94: MÓDULO 1 - COMPOSIÇÃO DA REMUNERAÇÃO | C94: =D25 -> 2404
A95: 2 | B95: MÓDULO 2 - ENCARGOS E BENEFÍCIOS ANUAIS, MENSAIS E DIÁRIOS | C95: =C61 -> 2715.9433
A96: 3 | B96: MÓDULO 3 - PROVISÃO PARA RESCISÃO | C96: =D71 -> 157.42334
A97: 4 | B97: MÓDULO 4 - CUSTO DE REPOSIÇÃO DO PROFISSIONAL AUSENTE | C97: =C84 -> 12.621
A98: 5 | B98: MÓDULO 5 - INSUMOS DIVERSOS | C98: =D91 -> 147.67294
A99: TOTAL | B99: TOTAL | C99: =SUM(C94:D98) -> 5437.6606
A101: * NOTA 1: RAT X FAP A licitante deve preencher o item em questão com o valor real do seu RATXFAP. Como forma de comprovação do percentual lançado em planilha, a licitante deverá anexar à proposta comercial final (após a fase de lances) declaração firmada, sob as penas da lei, pelo representante legal e contador, com o devido CRC, ratificando os valores individuais de RAT E FAP apresentados.
A103: * NOTA 2: CUSTOS NÃO RENOVÁVEIS Nas eventuais prorrogações contratuais, os custos não renováveis já pagos ou amortizados no primeiro ano da contratação deverão ser eliminados como condição para a renovação. São custos não renováveis e serão eliminados na proporção da amortização ocorrida no primeiro ano de contrato: aviso prévio indenizado (será permitida a manutenção de 10% do valor inicialmente provisionado, em atendimento à Lei n.º 12.506/2001 e Acórdão 1.186/2017 - Plenário TCU) , aviso prévio trabalhado, incidência do FGTS sobre aviso prévio indenizado, incidência dos encargos do submódulo 2.2. sobre o aviso prévio trabalho e os custos que compõem o módulo 4 - Custo de Reposição do Profissional Ausente.
A105: * NOTA 3: LAUDO DE INSALUBRIDADE/PERICULOSIDADE O pagamento do adicional de insalubridade e/ou periculosidade estará condicionado à realização, pela empresa contratada, de perícia por profissional competente (médico ou engenheiro do trabalho), e da apresentação de laudo que venha a atestar existência de tais adicionais bem como do grau de incidência, (mínimo, médio ou máximo), quando for o caso, bem como se a atividades apontada como insalubre consta da relação da NR–15 do MTE, nos termos do artigo 192 da CLT ou se perciculosa consta da relação da NR-16 DO MTE, nos termos do artigo 195 da CLT. A contratada terá um prazo de até 30 (trinta) dias a partir da celebração do contrato para apresentar o referido laudo.

Sheet (A.3) Operador Pá carregadeira
A1: COMPANHIA MUNICIPAL DE TRÂNSITO E URBANIZAÇÃO DE LONDRINA
A2: PLANILHA DE CUSTOS E FORMAÇÃO DE PREÇOS
A4: Mês de Referência | C4: Fevereiro de 2026
A5: Município/UF | C5: Londrina/PR
A6: Acordo, Convenção ou Sentença Normativa em Dissídio Coletivo | C6: CCT SINTRAPAV 2025/2026
A7: Data base da categoria | C7: SINTRAPAV 01/06/2025
A8: Nº de meses de execução contratual | C8: 12
A10: IDENTIFICAÇÃO DO SERVIÇO | C10: CBO
A11: OPERADOR DE PÁ CARREGADEIRA | C11: 7151-35
A13: MÓDULO 1 - COMPOSIÇÃO DA REMUNERAÇÃO
A14: 1 | B14: COMPOSIÇÃO DA REMUNERAÇÃO | D14: Valor R$
A15: 1.1 | B15: Salário Base | D15: =13.76*220 -> 3027.2
A16: 1.2 | B16: Adicional de Assiduidade | D16: 0
A17: 1.3 | B17: Adicional de Risco | D17: 0
A18: 1.4 | B18: Adicional de Periculosidade | D18: =(D15*C18) -> 0
A19: 1.5 | B19: Adicional de Insalubridade | D19: =(D16*C19) -> 0
A20: 1.6 | B20: Adicional Noturno | D20: 0
A21: 1.7 | B21: Adicional de Hora Noturna Reduzida | D21: 0
A22: 1.8 | B22: Adicional de Hora Extra | D22: 0
A23: 1.9 | B23: Descanso Semanal Remunerado | D23: 0
A24: 1.10 | B24: Outros | D24: =SUM(D15:D23)*C24 -> 0
A25: TOTAL DA REMUNERAÇÃO | D25: =SUM(D15:D24) -> 3027.2
A27: MÓDULO 2 - ENCARGOS E BENEFÍCIOS ANUAIS, MENSAIS E DIÁRIOS
A28: 2.1 | B28: SUB-MÓDULO 2.1 - 13º SALÁRIO, FÉRIAS E ADICIONAL DE FÉRIAS | C28: % | D28: Valor (R$)
A29: 2.1.1 | B29: 13º salário | C29: 0.0833 | D29: =($D$25*C29) -> 252.16576
A30: 2.1.2 | B30: Férias e terço constitucional de férias | C30: 0.1111 | D30: =($D$25*C30) -> 336.32192
A31: 2.1.3 | B31: Incidência do Sub-módulo 2.2 | C31: =C43*(C29+C30) -> 0.0715392 | D31: =($D$25*C31) -> 216.56347
A32: TOTAL SUB-MÓDULO | D32: =SUM(D29:D31) -> 805.05115
A34: 2.2 | B34: SUB-MÓDULO 2.2 - GPS, FGTS E OUTRAS CONTRIBUIÇÕES | C34: % | D34: Valor (R$)
A35: 2.2.1 | B35: INSS | C35: 0.2 | D35: =(D25*C35) -> 605.44
A36: 2.2.2 | B36: FGTS | C36: 0.08 | D36: =(D25*C36) -> 242.176
A37: 2.2.3 | B37: SESI OU SESC | C37: 0.015 | D37: =(D25*C37) -> 45.408
A38: 2.2.4 | B38: SENAI OU SENAC | C38: 0.01 | D38: =(D25*C38) -> 30.272
A39: 2.2.5 | B39: SEBRAE | C39: 0.006 | D39: =(D25*C39) -> 18.1632
A40: 2.2.6 | B40: INCRA | C40: 0.002 | D40: =(D25*C40) -> 6.0544
A41: 2.2.7 | B41: SALÁRIO EDUCAÇÃO | C41: 0.025 | D41: =(D25*C41) -> 75.68
A42: 2.2.8 | B42: SAT - VER NOTA EXPLICATIVA 1* | C42: 0.03 | D42: =(D25*C42) -> 90.816
A43: TOTAL SUB-MÓDULO | C43: =SUM(C35:C42) -> 0.368 | D43: =SUM(D35:D42) -> 1114.0096
A45: 2.3 | B45: SUB-MÓDULO 2.3 - BENEFÍCIOS MENSAIS E DIÁRIOS | D45: Valor R$
A46: 2.3.1 | B46: Transporte | C46: 6.25 | D46: =(C46*50.16)-(3%*D15) -> 222.684
A47: 2.3.2 | B47: Auxílio Alimentação (vales,cestas básica,etc) | C47: 400 | D47: =C47 -> 400
A48: 2.3.3 | B48: Assistência Médica e Familiar | D48: =C48 -> 0
A49: 2.3.4 | B49: Benefício Apoio Familiar | D49: =C49 -> 0
A50: 2.3.5 | B50: Seguro de vida, invalidez e funeral | D50: 17.33
A51: 2.3.6 | B51: Fundo de formação profissional | D51: =C51 -> 0
A52: 2.3.7 | B52: Vale Alimentação - Férias | C52: 400 | D52: =C52/12 -> 33.333333
A53: 2.3.8 | B53: Vale Refeição | C53: 28 | D53: =(C53*25.08)*0.8 -> 561.792
A54: 2.3.9 | B54: Crédito de Pis e Cofins | C54: 0.0925 | D54: =-(D46+D47+D52)*C54 -> -60.681603
A55: TOTAL SUB-MÓDULO | D55: =SUM(D46:D54) -> 1174.4577
A57: QUADRO-RESUMO DO MÓDULO 2- ENCARGOS E BENEFÍCIOS ANUAIS, MENSAIS E DIÁRIOS
A58: 2.1 | B58: 13º SALÁRIO, FÉRIAS E ADICIONAL DE FÉRIAS | C58: =D32 -> 805.05115
A59: 2.2 | B59: GPS, FGTS E OUTRAS CONTRIBUIÇÕES | C59: =D43 -> 1114.0096
A60: 2.3 | B60: BENEFÍCIOS MENSAIS E DIÁRIOS | C60: =D55 -> 1174.4577
A61: TOTAL | C61: =SUM(C58:D60) -> 3093.5185
A63: MÓDULO 3 - PROVISÃO PARA RESCISÃO
A64: 3 | B64: PROVISÃO PARA RESCISÃO | C64: % | D64: Valor (R$)
A65: 3.1 | B65: Aviso Prévio Indenizado | C65: 0.00417 | D65: =($D$25*C65) -> 12.623424
A66: 3.2 | B66: Incidência do FGTS sobre aviso prévio Indenizado | C66: 0.00033 | D66: =($D$25*C66) -> 0.998976
A67: 3.3 | B67: Multa sobre FGTS e contribuições sociais sobre aviso prévio indenizado | D67: =($D$25*C67) -> 0
A68: 3.4 | B68: Aviso Prévio Trabalhado | C68: 0.01944 | D68: =($D$25*C68) -> 58.848768
A69: 3.5 | B69: Incidência do Submódulo 2.2 sobre o aviso prévio trabalhado | C69: =C43*C68 -> 0.00715392 | D69: =($D$25*C69) -> 21.656347
A70: 3.6 | B70: Multa sobre FGTS sobre aviso prévio trabalhado | C70: 0.03439 | D70: =($D$25*C70) -> 104.10541
A71: TOTAL SUB-MÓDULO | C71: =SUM(C65:C70) -> 0.06548392 | D71: =SUM(D65:D70) -> 198.23292
A73: MÓDULO 4 - CUSTO DE REPOSIÇÃO DO PROFISSIONAL AUSENTE
A74: 4.1 | B74: SUB-MÓDULO 4.1 - SUBSTITUTO NAS AUSÊNCIAS LEGAIS | C74: % | D74: Valor (R$)
A75: 4.1.1 | B75: Substituto na cobertura de Faltas Legais | C75: 0.00415 | D75: =($D$25*C75) -> 12.56288
A76: 4.1.2 | B76: Substituto na cobertura de Licença paternidade | C76: 0.0002 | D76: =($D$25*C76) -> 0.60544
A77: 4.1.3 | B77: Substituto na cobertura de Acidente de Trabalho | C77: 0.00051 | D77: =($D$25*C77) -> 1.543872
A78: 4.1.4 | B78: Substituto na cobertura de Férias sobre licença maternidade | C78: 0.00039 | D78: =($D$25*C78) -> 1.180608
A79: 4.1.5 | B79: Outros (especificar)
A80: TOTAL SUB-MÓDULO | C80: =SUM(C75:C79) -> 0.00525 | D80: =SUM(D75:D79) -> 15.8928
A82: QUADRO RESUMO DO MÓDULO 4 - CUSTO DE REPOSIÇÃO DO PROFISSIONAL AUSENTE
A83: 4.1 | B83: AUSÊNCIAS LEGAIS | C83: =D80 -> 15.8928
A84: TOTAL | B84: TOTAL | C84: =SUM(C83:D83) -> 15.8928
A86: MÓDULO 5 - INSUMOS DIVERSOS
A87: 5 | B87: INSUMOS DIVERSOS | D87: Valor R$
A88: 5.1 | B88: Uniformes | D88: 61.115
A89: 5.2 | B89: EPI's | D89: 76.39
A90: 5.3 | B90: Crédito de Pis e Cofins | C90: 0.0925 | D90: =-(D88+D89)*C90 -> -12.719212
B91: TOTAL DE INSUMOS | D91: =SUM(D88:D90) -> 124.78579
A93: QUADRO-RESUMO POR CUSTO DO EMPREGADO
A94: 1 | B94: MÓDULO 1 - COMPOSIÇÃO DA REMUNERAÇÃO | C94: =D25 -> 3027.2
A95: 2 | B95: MÓDULO 2 - ENCARGOS E BENEFÍCIOS ANUAIS, MENSAIS E DIÁRIOS | C95: =C61 -> 3093.5185
A96: 3 | B96: MÓDULO 3 - PROVISÃO PARA RESCISÃO | C96: =D71 -> 198.23292
A97: 4 | B97: MÓDULO 4 - CUSTO DE REPOSIÇÃO DO PROFISSIONAL AUSENTE | C97: =C84 -> 15.8928
A98: 5 | B98: MÓDULO 5 - INSUMOS DIVERSOS | C98: =D91 -> 124.78579
A99: TOTAL | B99: TOTAL | C99: =SUM(C94:D98) -> 6459.63 | D99: =SUM(D94:D98) -> 0
A101: * NOTA 1: RAT X FAP A licitante deve preencher o item em questão com o valor real do seu RATXFAP. Como forma de comprovação do percentual lançado em planilha, a licitante deverá anexar à proposta comercial final (após a fase de lances) declaração firmada, sob as penas da lei, pelo representante legal e contador, com o devido CRC, ratificando os valores individuais de RAT E FAP apresentados.
A103: * NOTA 2: CUSTOS NÃO RENOVÁVEIS Nas eventuais prorrogações contratuais, os custos não renováveis já pagos ou amortizados no primeiro ano da contratação deverão ser eliminados como condição para a renovação. São custos não renováveis e serão eliminados na proporção da amortização ocorrida no primeiro ano de contrato: aviso prévio indenizado (será permitida a manutenção de 10% do valor inicialmente provisionado, em atendimento à Lei n.º 12.506/2001 e Acórdão 1.186/2017 - Plenário TCU) , aviso prévio trabalhado, incidência do FGTS sobre aviso prévio indenizado, incidência dos encargos do submódulo 2.2. sobre o aviso prévio trabalho e os custos que compõem o módulo 4 - Custo de Reposição do Profissional Ausente.
A105: * NOTA 3: LAUDO DE INSALUBRIDADE/PERICULOSIDADE O pagamento do adicional de insalubridade e/ou periculosidade estará condicionado à realização, pela empresa contratada, de perícia por profissional competente (médico ou engenheiro do trabalho), e da apresentação de laudo que venha a atestar existência de tais adicionais bem como do grau de incidência, (mínimo, médio ou máximo), quando for o caso, bem como se a atividades apontada como insalubre consta da relação da NR–15 do MTE, nos termos do artigo 192 da CLT ou se perciculosa consta da relação da NR-16 DO MTE, nos termos do artigo 195 da CLT. A contratada terá um prazo de até 30 (trinta) dias a partir da celebração do contrato para apresentar o referido laudo.

Sheet (A.4) Pedreiro
A1: COMPANHIA MUNICIPAL DE TRÂNSITO E URBANIZAÇÃO DE LONDRINA
A2: PLANILHA DE CUSTOS E FORMAÇÃO DE PREÇOS
A4: Mês de Referência | C4: Fevereiro de 2026
A5: Município/UF | C5: Londrina/PR
A6: Acordo, Convenção ou Sentença Normativa em Dissídio Coletivo | C6: CCT SINTRACOM 2025/2026
A7: Data base da categoria | C7: SINTRACOM 01/06/2025
A8: Nº de meses de execução contratual | C8: 12
A10: IDENTIFICAÇÃO DO SERVIÇO | C10: CBO
A11: Pedreiro ( Oficial ) | C11: 7152-10
A13: MÓDULO 1 - COMPOSIÇÃO DA REMUNERAÇÃO
A14: 1 | B14: COMPOSIÇÃO DA REMUNERAÇÃO | D14: Valor R$
A15: 1.1 | B15: Salário Base | D15: =12.72*220 -> 2798.4
A16: 1.2 | B16: Adicional de Assiduidade | D16: 0
A17: 1.3 | B17: Adicional de Risco | D17: 0
A18: 1.4 | B18: Adicional de Periculosidade | D18: =(D15*C18) -> 0
A19: 1.5 | B19: Adicional de Insalubridade | D19: =(D16*C19) -> 0
A20: 1.6 | B20: Adicional Noturno | D20: 0
A21: 1.7 | B21: Adicional de Hora Noturna Reduzida | D21: 0
A22: 1.8 | B22: Adicional de Hora Extra | D22: 0
A23: 1.9 | B23: Descanso Semanal Remunerado | D23: 0
A24: 1.10 | B24: Outros | D24: =SUM(D15:D23)*C24 -> 0
A25: TOTAL DA REMUNERAÇÃO | D25: =SUM(D15:D24) -> 2798.4
A27: MÓDULO 2 - ENCARGOS E BENEFÍCIOS ANUAIS, MENSAIS E DIÁRIOS
A28: 2.1 | B28: SUB-MÓDULO 2.1 - 13º SALÁRIO, FÉRIAS E ADICIONAL DE FÉRIAS | C28: % | D28: Valor (R$)
A29: 2.1.1 | B29: 13º salário | C29: 0.0833 | D29: =($D$25*C29) -> 233.10672
A30: 2.1.2 | B30: Férias e terço constitucional de férias | C30: 0.1111 | D30: =($D$25*C30) -> 310.90224
A31: 2.1.3 | B31: Incidência do Sub-módulo 2.2 | C31: =C43*(C29+C30) -> 0.0715392 | D31: =($D$25*C31) -> 200.1953
A32: TOTAL SUB-MÓDULO | D32: =SUM(D29:D31) -> 744.20426
A34: 2.2 | B34: SUB-MÓDULO 2.2 - GPS, FGTS E OUTRAS CONTRIBUIÇÕES | C34: % | D34: Valor (R$)
A35: 2.2.1 | B35: INSS | C35: 0.2 | D35: =(D25*C35) -> 559.68
A36: 2.2.2 | B36: FGTS | C36: 0.08 | D36: =(D25*C36) -> 223.872
A37: 2.2.3 | B37: SESI OU SESC | C37: 0.015 | D37: =(D25*C37) -> 41.976
A38: 2.2.4 | B38: SENAI OU SENAC | C38: 0.01 | D38: =(D25*C38) -> 27.984
A39: 2.2.5 | B39: SEBRAE | C39: 0.006 | D39: =(D25*C39) -> 16.7904
A40: 2.2.6 | B40: INCRA | C40: 0.002 | D40: =(D25*C40) -> 5.5968
A41: 2.2.7 | B41: SALÁRIO EDUCAÇÃO | C41: 0.025 | D41: =(D25*C41) -> 69.96
A42: 2.2.8 | B42: SAT - VER NOTA EXPLICATIVA 1* | C42: 0.03 | D42: =(D25*C42) -> 83.952
A43: TOTAL SUB-MÓDULO | C43: =SUM(C35:C42) -> 0.368 | D43: =SUM(D35:D42) -> 1029.8112
A45: 2.3 | B45: SUB-MÓDULO 2.3 - BENEFÍCIOS MENSAIS E DIÁRIOS | D45: Valor R$
A46: 2.3.1 | B46: Transporte | C46: 6.25 | D46: =(C46*50.16)-(6%*D15) -> 145.596
A47: 2.3.2 | B47: Auxílio Alimentação (vales,cestas básica,etc) | C47: 980 | D47: =C47 -> 980
A48: 2.3.3 | B48: Assistência Médica e Familiar | D48: =C48 -> 0
A49: 2.3.4 | B49: Benefício Apoio Familiar | D49: =C49 -> 0
A50: 2.3.5 | B50: Seguro de vida, invalidez e funeral | D50: 17.33
A51: 2.3.6 | B51: Fundo de formação profissional | D51: =C51 -> 0
A52: 2.3.7 | B52: Café da manhã | C52: 8 | D52: =25.08*C52 -> 200.64
A53: 2.3.8 | B53: Vale Compras - Férias | C53: 980 | D53: =C53/12 -> 81.666667
A54: 2.3.9 | B54: Crédito de Pis e Cofins | C54: 0.0925 | D54: =-(D46+D47+D53)*C54 -> -111.6718
A55: TOTAL SUB-MÓDULO | D55: =SUM(D46:D54) -> 1313.5609
A57: QUADRO-RESUMO DO MÓDULO 2- ENCARGOS E BENEFÍCIOS ANUAIS, MENSAIS E DIÁRIOS
A58: 2.1 | B58: 13º SALÁRIO, FÉRIAS E ADICIONAL DE FÉRIAS | C58: =D32 -> 744.20426
A59: 2.2 | B59: GPS, FGTS E OUTRAS CONTRIBUIÇÕES | C59: =D43 -> 1029.8112
A60: 2.3 | B60: BENEFÍCIOS MENSAIS E DIÁRIOS | C60: =D55 -> 1313.5609
A61: TOTAL | C61: =SUM(C58:D60) -> 3087.5763
A63: MÓDULO 3 - PROVISÃO PARA RESCISÃO
A64: 3 | B64: PROVISÃO PARA RESCISÃO | C64: % | D64: Valor (R$)
A65: 3.1 | B65: Aviso Prévio Indenizado | C65: 0.00417 | D65: =($D$25*C65) -> 11.669328
A66: 3.2 | B66: Incidência do FGTS sobre aviso prévio Indenizado | C66: 0.00033 | D66: =($D$25*C66) -> 0.923472
A67: 3.3 | B67: Multa sobre FGTS e contribuições sociais sobre aviso prévio indenizado | D67: =($D$25*C67) -> 0
A68: 3.4 | B68: Aviso Prévio Trabalhado | C68: 0.01944 | D68: =($D$25*C68) -> 54.400896
A69: 3.5 | B69: Incidência do Submódulo 2.2 sobre o aviso prévio trabalhado | C69: =C43*C68 -> 0.00715392 | D69: =($D$25*C69) -> 20.01953
A70: 3.6 | B70: Multa sobre FGTS sobre aviso prévio trabalhado | C70: 0.03439 | D70: =($D$25*C70) -> 96.236976
A71: TOTAL SUB-MÓDULO | C71: =SUM(C65:C70) -> 0.06548392 | D71: =SUM(D65:D70) -> 183.2502
A73: MÓDULO 4 - CUSTO DE REPOSIÇÃO DO PROFISSIONAL AUSENTE
A74: 4.1 | B74: SUB-MÓDULO 4.1 - SUBSTITUTO NAS AUSÊNCIAS LEGAIS | C74: % | D74: Valor (R$)
A75: 4.1.1 | B75: Substituto na cobertura de Faltas Legais | C75: 0.00415 | D75: =($D$25*C75) -> 11.61336
A76: 4.1.2 | B76: Substituto na cobertura de Licença paternidade | C76: 0.0002 | D76: =($D$25*C76) -> 0.55968
A77: 4.1.3 | B77: Substituto na cobertura de Acidente de Trabalho | C77: 0.00051 | D77: =($D$25*C77) -> 1.427184
A78: 4.1.4 | B78: Substituto na cobertura de Férias sobre licença maternidade | C78: 0.00039 | D78: =($D$25*C78) -> 1.091376
A79: 4.1.5 | B79: Outros (especificar)
A80: TOTAL SUB-MÓDULO | C80: =SUM(C75:C79) -> 0.00525 | D80: =SUM(D75:D79) -> 14.6916
A82: QUADRO RESUMO DO MÓDULO 4 - CUSTO DE REPOSIÇÃO DO PROFISSIONAL AUSENTE
A83: 4.1 | B83: AUSÊNCIAS LEGAIS | C83: =D80 -> 14.6916
A84: TOTAL | B84: TOTAL | C84: =SUM(C83:D83) -> 14.6916
A86: MÓDULO 5 - INSUMOS DIVERSOS
A87: 5 | B87: INSUMOS DIVERSOS | D87: Valor R$
A88: 5.1 | B88: Uniformes | D88: 61.115
A89: 5.2 | B89: EPI's | D89: 112.38
A90: 5.3 | B90: Crédito de Pis e Cofins | C90: 0.0925 | D90: =-(D88+D89)*C90 -> -16.048288
B91: TOTAL DE INSUMOS | D91: =SUM(D88:D90) -> 157.44671
A93: QUADRO-RESUMO POR CUSTO DO EMPREGADO
A94: 1 | B94: MÓDULO 1 - COMPOSIÇÃO DA REMUNERAÇÃO | C94: =D25 -> 2798.4
A95: 2 | B95: MÓDULO 2 - ENCARGOS E BENEFÍCIOS ANUAIS, MENSAIS E DIÁRIOS | C95: =C61 -> 3087.5763
A96: 3 | B96: MÓDULO 3 - PROVISÃO PARA RESCISÃO | C96: =D71 -> 183.2502
A97: 4 | B97: MÓDULO 4 - CUSTO DE REPOSIÇÃO DO PROFISSIONAL AUSENTE | C97: =C84 -> 14.6916
A98: 5 | B98: MÓDULO 5 - INSUMOS DIVERSOS | C98: =D91 -> 157.44671
A99: TOTAL | B99: TOTAL | C99: =SUM(C94:D98) -> 6241.3648 | D99: =SUM(D94:D98) -> 0
A101: * NOTA 1: RAT X FAP A licitante deve preencher o item em questão com o valor real do seu RATXFAP. Como forma de comprovação do percentual lançado em planilha, a licitante deverá anexar à proposta comercial final (após a fase de lances) declaração firmada, sob as penas da lei, pelo representante legal e contador, com o devido CRC, ratificando os valores individuais de RAT E FAP apresentados.
A102: * NOTA 2: CUSTOS NÃO RENOVÁVEIS Nas eventuais prorrogações contratuais, os custos não renováveis já pagos ou amortizados no primeiro ano da contratação deverão ser eliminados como condição para a renovação. São custos não renováveis e serão eliminados na proporção da amortização ocorrida no primeiro ano de contrato: aviso prévio indenizado (será permitida a manutenção de 10% do valor inicialmente provisionado, em atendimento à Lei n.º 12.506/2001 e Acórdão 1.186/2017 - Plenário TCU) , aviso prévio trabalhado, incidência do FGTS sobre aviso prévio indenizado, incidência dos encargos do submódulo 2.2. sobre o aviso prévio trabalho e os custos que compõem o módulo 4 - Custo de Reposição do Profissional Ausente.
A104: * NOTA 3: LAUDO DE INSALUBRIDADE/PERICULOSIDADE O pagamento do adicional de insalubridade e/ou periculosidade estará condicionado à realização, pela empresa contratada, de perícia por profissional competente (médico ou engenheiro do trabalho), e da apresentação de laudo que venha a atestar existência de tais adicionais bem como do grau de incidência, (mínimo, médio ou máximo), quando for o caso, bem como se a atividades apontada como insalubre consta da relação da NR–15 do MTE, nos termos do artigo 192 da CLT ou se perciculosa consta da relação da NR-16 DO MTE, nos termos do artigo 195 da CLT. A contratada terá um prazo de até 30 (trinta) dias a partir da celebração do contrato para apresentar o referido laudo.

Sheet (A.5) Operador de motosserra
A1: COMPANHIA MUNICIPAL DE TRÂNSITO E URBANIZAÇÃO DE LONDRINA
A2: PLANILHA DE CUSTOS E FORMAÇÃO DE PREÇOS
A4: Mês de Referência | C4: Fevereiro de 2026
A5: Município/UF | C5: Londrina/PR
A6: Acordo, Convenção ou Sentença Normativa em Dissídio Coletivo | C6: CCT SIEMACO 2026/2028
A7: Data base da categoria | C7: SIEMACO 01/02/2026
A8: Nº de meses de execução contratual | C8: 12
A10: IDENTIFICAÇÃO DO SERVIÇO | C10: CBO
A11: OPERADOR DE MOTOSSERRA | C11: 6321-20
A13: MÓDULO 1 - COMPOSIÇÃO DA REMUNERAÇÃO
A14: 1 | B14: COMPOSIÇÃO DA REMUNERAÇÃO | D14: Valor R$
A15: 1.1 | B15: Salário Base | D15: 2404
A16: 1.2 | B16: Adicional de Assiduidade | D16: 0
A17: 1.3 | B17: Adicional de Risco | D17: 0
A18: 1.4 | B18: Adicional de Periculosidade | D18: =(D15*C18) -> 0
A19: 1.5 | B19: Adicional de Insalubridade | D19: =(D16*C19) -> 0
A20: 1.6 | B20: Adicional Noturno | D20: 0
A21: 1.7 | B21: Adicional de Hora Noturna Reduzida | D21: 0
A22: 1.8 | B22: Adicional de Hora Extra | D22: 0
A23: 1.9 | B23: Descanso Semanal Remunerado | D23: 0
A24: 1.10 | B24: Outros | D24: =SUM(D15:D23)*C24 -> 0
A25: TOTAL DA REMUNERAÇÃO | D25: =SUM(D15:D24) -> 2404
A27: MÓDULO 2 - ENCARGOS E BENEFÍCIOS ANUAIS, MENSAIS E DIÁRIOS
A28: 2.1 | B28: SUB-MÓDULO 2.1 - 13º SALÁRIO, FÉRIAS E ADICIONAL DE FÉRIAS | C28: % | D28: Valor (R$)
A29: 2.1.1 | B29: 13º salário | C29: 0.0833 | D29: =($D$25*C29) -> 200.2532
A30: 2.1.2 | B30: Férias e terço constitucional de férias | C30: 0.1111 | D30: =($D$25*C30) -> 267.0844
A31: 2.1.3 | B31: Incidência do Sub-módulo 2.2 | C31: =C43*(C29+C30) -> 0.0715392 | D31: =($D$25*C31) -> 171.98024
A32: TOTAL SUB-MÓDULO | D32: =SUM(D29:D31) -> 639.31784
A34: 2.2 | B34: SUB-MÓDULO 2.2 - GPS, FGTS E OUTRAS CONTRIBUIÇÕES | C34: % | D34: Valor (R$)
A35: 2.2.1 | B35: INSS | C35: 0.2 | D35: =(D25*C35) -> 480.8
A36: 2.2.2 | B36: FGTS | C36: 0.08 | D36: =(D25*C36) -> 192.32
A37: 2.2.3 | B37: SESI OU SESC | C37: 0.015 | D37: =(D25*C37) -> 36.06
A38: 2.2.4 | B38: SENAI OU SENAC | C38: 0.01 | D38: =(D25*C38) -> 24.04
A39: 2.2.5 | B39: SEBRAE | C39: 0.006 | D39: =(D25*C39) -> 14.424
A40: 2.2.6 | B40: INCRA | C40: 0.002 | D40: =(D25*C40) -> 4.808
A41: 2.2.7 | B41: SALÁRIO EDUCAÇÃO | C41: 0.025 | D41: =(D25*C41) -> 60.1
A42: 2.2.8 | B42: SAT - VER NOTA EXPLICATIVA 1* | C42: 0.03 | D42: =(D25*C42) -> 72.12
A43: TOTAL SUB-MÓDULO | C43: =SUM(C35:C42) -> 0.368 | D43: =SUM(D35:D42) -> 884.672
A45: 2.3 | B45: SUB-MÓDULO 2.3 - BENEFÍCIOS MENSAIS E DIÁRIOS | D45: Valor R$
A46: 2.3.1 | B46: Transporte | C46: 6.25 | D46: =(C46*50.16)-(6%*D15) -> 169.26
A47: 2.3.2 | B47: Auxílio Alimentação (vales,cestas básica,etc) | C47: 900 | D47: =C47-(C47*0.2) -> 720
A48: 2.3.3 | B48: Assistência Médica e Familiar | C48: 94.5 | D48: =C48 -> 94.5
A49: 2.3.4 | B49: Benefício Apoio Familiar | C49: 31 | D49: =C49 -> 31
A50: 2.3.5 | B50: Seguro de vida, invalidez e funeral | D50: =C50 -> 0
A51: 2.3.6 | B51: Fundo de formação profissional | D51: =C51 -> 0
A52: 2.3.7 | B52: Vale Alimentação - Férias | C52: 900 | D52: =(C52-(C52*0.2))/12 -> 60
A53: 2.3.8 | B53: Desjejum | C53: 205 | D53: =C53 -> 205
A54: 2.3.9 | B54: Crédito de Pis e Cofins | C54: 0.0925 | D54: =-(D46+D47+D52)*C54 -> -87.80655
A55: TOTAL SUB-MÓDULO | D55: =SUM(D46:D54) -> 1191.9534
A57: QUADRO-RESUMO DO MÓDULO 2- ENCARGOS E BENEFÍCIOS ANUAIS, MENSAIS E DIÁRIOS
A58: 2.1 | B58: 13º SALÁRIO, FÉRIAS E ADICIONAL DE FÉRIAS | C58: =D32 -> 639.31784
A59: 2.2 | B59: GPS, FGTS E OUTRAS CONTRIBUIÇÕES | C59: =D43 -> 884.672
A60: 2.3 | B60: BENEFÍCIOS MENSAIS E DIÁRIOS | C60: =D55 -> 1191.9534
A61: TOTAL | C61: =SUM(C58:D60) -> 2715.9433
A63: MÓDULO 3 - PROVISÃO PARA RESCISÃO
A64: 3 | B64: PROVISÃO PARA RESCISÃO | C64: % | D64: Valor (R$)
A65: 3.1 | B65: Aviso Prévio Indenizado | C65: 0.00417 | D65: =($D$25*C65) -> 10.02468
A66: 3.2 | B66: Incidência do FGTS sobre aviso prévio Indenizado | C66: 0.00033 | D66: =($D$25*C66) -> 0.79332
A67: 3.3 | B67: Multa sobre FGTS e contribuições sociais sobre aviso prévio indenizado | D67: =($D$25*C67) -> 0
A68: 3.4 | B68: Aviso Prévio Trabalhado | C68: 0.01944 | D68: =($D$25*C68) -> 46.73376
A69: 3.5 | B69: Incidência do Submódulo 2.2 sobre o aviso prévio trabalhado | C69: =C43*C68 -> 0.00715392 | D69: =($D$25*C69) -> 17.198024
A70: 3.6 | B70: Multa sobre FGTS sobre aviso prévio trabalhado | C70: 0.03439 | D70: =($D$25*C70) -> 82.67356
A71: TOTAL SUB-MÓDULO | C71: =SUM(C65:C70) -> 0.06548392 | D71: =SUM(D65:D70) -> 157.42334
A73: MÓDULO 4 - CUSTO DE REPOSIÇÃO DO PROFISSIONAL AUSENTE
A74: 4.1 | B74: SUB-MÓDULO 4.1 - SUBSTITUTO NAS AUSÊNCIAS LEGAIS | C74: % | D74: Valor (R$)
A75: 4.1.1 | B75: Substituto na cobertura de Faltas Legais | C75: 0.00415 | D75: =($D$25*C75) -> 9.9766
A76: 4.1.2 | B76: Substituto na cobertura de Licença paternidade | C76: 0.0002 | D76: =($D$25*C76) -> 0.4808
A77: 4.1.3 | B77: Substituto na cobertura de Acidente de Trabalho | C77: 0.00051 | D77: =($D$25*C77) -> 1.22604
A78: 4.1.4 | B78: Substituto na cobertura de Férias sobre licença maternidade | C78: 0.00039 | D78: =($D$25*C78) -> 0.93756
A79: 4.1.5 | B79: Outros (especificar)
A80: TOTAL SUB-MÓDULO | C80: =SUM(C75:C79) -> 0.00525 | D80: =SUM(D75:D79) -> 12.621
A82: QUADRO RESUMO DO MÓDULO 4 - CUSTO DE REPOSIÇÃO DO PROFISSIONAL AUSENTE
A83: 4.1 | B83: AUSÊNCIAS LEGAIS | C83: =D80 -> 12.621
A84: TOTAL | B84: TOTAL | C84: =SUM(C83:D83) -> 12.621
A86: MÓDULO 5 - INSUMOS DIVERSOS
A87: 5 | B87: INSUMOS DIVERSOS | D87: Valor R$
A88: 5.1 | B88: Uniformes | D88: 61.115
A89: 5.2 | B89: EPI's | D89: 101.61
A90: 5.3 | B90: Crédito de Pis e Cofins | C90: 0.0925 | D90: =-(D88+D89)*C90 -> -15.052062
B91: TOTAL DE INSUMOS | D91: =SUM(D88:D90) -> 147.67294
A93: QUADRO-RESUMO POR CUSTO DO EMPREGADO
A94: 1 | B94: MÓDULO 1 - COMPOSIÇÃO DA REMUNERAÇÃO | C94: =D25 -> 2404
A95: 2 | B95: MÓDULO 2 - ENCARGOS E BENEFÍCIOS ANUAIS, MENSAIS E DIÁRIOS | C95: =C61 -> 2715.9433
A96: 3 | B96: MÓDULO 3 - PROVISÃO PARA RESCISÃO | C96: =D71 -> 157.42334
A97: 4 | B97: MÓDULO 4 - CUSTO DE REPOSIÇÃO DO PROFISSIONAL AUSENTE | C97: =C84 -> 12.621
A98: 5 | B98: MÓDULO 5 - INSUMOS DIVERSOS | C98: =D91 -> 147.67294
A99: TOTAL | B99: TOTAL | C99: =SUM(C94:D98) -> 5437.6606 | D99: =SUM(D94:D98) -> 0
A101: * NOTA 1: RAT X FAP A licitante deve preencher o item em questão com o valor real do seu RATXFAP. Como forma de comprovação do percentual lançado em planilha, a licitante deverá anexar à proposta comercial final (após a fase de lances) declaração firmada, sob as penas da lei, pelo representante legal e contador, com o devido CRC, ratificando os valores individuais de RAT E FAP apresentados.
A103: * NOTA 2: CUSTOS NÃO RENOVÁVEIS Nas eventuais prorrogações contratuais, os custos não renováveis já pagos ou amortizados no primeiro ano da contratação deverão ser eliminados como condição para a renovação. São custos não renováveis e serão eliminados na proporção da amortização ocorrida no primeiro ano de contrato: aviso prévio indenizado (será permitida a manutenção de 10% do valor inicialmente provisionado, em atendimento à Lei n.º 12.506/2001 e Acórdão 1.186/2017 - Plenário TCU) , aviso prévio trabalhado, incidência do FGTS sobre aviso prévio indenizado, incidência dos encargos do submódulo 2.2. sobre o aviso prévio trabalho e os custos que compõem o módulo 4 - Custo de Reposição do Profissional Ausente.
A105: * NOTA 3: LAUDO DE INSALUBRIDADE/PERICULOSIDADE O pagamento do adicional de insalubridade e/ou periculosidade estará condicionado à realização, pela empresa contratada, de perícia por profissional competente (médico ou engenheiro do trabalho), e da apresentação de laudo que venha a atestar existência de tais adicionais bem como do grau de incidência, (mínimo, médio ou máximo), quando for o caso, bem como se a atividades apontada como insalubre consta da relação da NR–15 do MTE, nos termos do artigo 192 da CLT ou se perciculosa consta da relação da NR-16 DO MTE, nos termos do artigo 195 da CLT. A contratada terá um prazo de até 30 (trinta) dias a partir da celebração do contrato para apresentar o referido laudo.

Sheet (A.6) Motorista Cat C
A1: COMPANHIA MUNICIPAL DE TRÂNSITO E URBANIZAÇÃO DE LONDRINA
A2: PLANILHA DE CUSTOS E FORMAÇÃO DE PREÇOS
A4: Mês de Referência | C4: Fevereiro de 2026
A5: Município/UF | C5: Londrina/PR
A6: Acordo, Convenção ou Sentença Normativa em Dissídio Coletivo | C6: CCT SINTTROL 2024/2025
A7: Data base da categoria | C7: SINTTROL 01/08/2024
A8: Nº de meses de execução contratual | C8: 12
A10: IDENTIFICAÇÃO DO SERVIÇO | C10: CBO
A11: MOTORISTA CAT C | C11: 7825-10
A13: MÓDULO 1 - COMPOSIÇÃO DA REMUNERAÇÃO | F13: MÓDULO 1 - COMPOSIÇÃO DA REMUNERAÇÃO
A14: 1 | B14: COMPOSIÇÃO DA REMUNERAÇÃO | D14: Valor R$ | F14: 1 | G14: MEMÓRIA DE CÁLCULO | H14: INFORMAÇÕES ADICIONAIS | I14: FUNDAMENTO
A15: 1.1 | B15: Salário Base | D15: 2468.48 | F15: 1.1 | I15: Convenção Coletiva de Trabalho
A16: 1.2 | B16: Adicional de Assiduidade | D16: 0 | F16: 1.2
A17: 1.3 | B17: Adicional de Risco | D17: 0 | F17: 1.3
A18: 1.4 | B18: Adicional de Periculosidade | D18: =(D15*C18) -> 0 | F18: 1.4
A19: 1.5 | B19: Adicional de Insalubridade | D19: =(D16*C19) -> 0 | F19: 1.5
A20: 1.6 | B20: Adicional Noturno | D20: 0 | F20: 1.6
A21: 1.7 | B21: Adicional de Hora Noturna Reduzida | D21: 0 | F21: 1.7
A22: 1.8 | B22: Adicional de Hora Extra | D22: 0 | F22: 1.8
A23: 1.9 | B23: Descanso Semanal Remunerado | D23: 0 | F23: 1.9
A24: 1.10 | B24: Outros | D24: =SUM(D15:D23)*C24 -> 0 | F24: 1.10
A25: TOTAL DA REMUNERAÇÃO | D25: =SUM(D15:D24) -> 2468.48
A27: MÓDULO 2 - ENCARGOS E BENEFÍCIOS ANUAIS, MENSAIS E DIÁRIOS | F27: MÓDULO 2 - ENCARGOS E BENEFÍCIOS ANUAIS, MENSAIS E DIÁRIOS
A28: 2.1 | B28: SUB-MÓDULO 2.1 - 13º SALÁRIO, FÉRIAS E ADICIONAL DE FÉRIAS | C28: % | D28: Valor (R$) | F28: 2.1 | G28: MEMÓRIA DE CÁLCULO | H28: INFORMAÇÕES ADICIONAIS | I28: FUNDAMENTO
A29: 2.1.1 | B29: 13º salário | C29: 0.0833 | D29: =($D$25*C29) -> 205.62438 | F29: 2.1.1 | G29: [(1/12)x100] = 8,333% | H29: 1 salário dividido por 12 meses de contrato. | I29: Art. 7º, VIII, CF/88 - Cálculo retirado da Planilha MODELO TCU - DIRETORIA DE LICITAÇÕES
A30: 2.1.2 | B30: Férias e terço constitucional de férias | C30: 0.1111 | D30: =($D$25*C30) -> 274.24813 | F30: 2.1.2 | G30: {[(1+1/3)/12]x100} = 11,111% | H30: 1 salário dividido por 12 meses de contrato, acrescido de 1/3 de férias. | I30: Art. 7º, XVII, CF/88 Cálculo retirado da Planilha MODELO TCU - DIRETORIA DE LICITAÇÕES
A31: 2.1.3 | B31: Incidência do Sub-módulo 2.2 | C31: =C43*(C29+C30) -> 0.0715392 | D31: =($D$25*C31) -> 176.59308 | F31: 2.1.3 | G31: (0,0833+0,1111)x0,3680= 0,0715x100=7,15% | H31: incidência do sub-módulo 2, sobre os itens desse módulo
A32: TOTAL SUB-MÓDULO | D32: =SUM(D29:D31) -> 656.4656
A34: 2.2 | B34: SUB-MÓDULO 2.2 - GPS, FGTS E OUTRAS CONTRIBUIÇÕES | C34: % | D34: Valor (R$) | F34: 2.1 | G34: MEMÓRIA DE CÁLCULO | H34: INFORMAÇÕES ADICIONAIS | I34: FUNDAMENTO
A35: 2.2.1 | B35: INSS | C35: 0.2 | D35: =(D25*C35) -> 493.696 | F35: 2.2.1 | I35: Art. 22, Inciso I, da Lei nº 8.212/91.
A36: 2.2.2 | B36: FGTS | C36: 0.08 | D36: =(D25*C36) -> 197.4784 | F36: 2.2.2 | I36: Art. 15, Lei nº 8.030/90 e Art. 7º, III, CF/88
A37: 2.2.3 | B37: SESI OU SESC | C37: 0.015 | D37: =(D25*C37) -> 37.0272 | F37: 2.2.3 | I37: Art. 3º, Lei n.º 8.036/90.
A38: 2.2.4 | B38: SENAI OU SENAC | C38: 0.01 | D38: =(D25*C38) -> 24.6848 | F38: 2.2.4 | I38: Decreto n.º 2.318/86.
A39: 2.2.5 | B39: SEBRAE | C39: 0.006 | D39: =(D25*C39) -> 14.81088 | F39: 2.2.5 | I39: Art. 8º, Lei n.º 8.029/90 e Lei n.º 8.154/90.
A40: 2.2.6 | B40: INCRA | C40: 0.002 | D40: =(D25*C40) -> 4.93696 | F40: 2.2.6 | I40: Lei n.º 7.787/89 e DL n.º 1.146/70.
A41: 2.2.7 | B41: SALÁRIO EDUCAÇÃO | C41: 0.025 | D41: =(D25*C41) -> 61.712 | F41: 2.2.7 | I41: Art. 3º, Inciso I, Decreto n.º 87.043/82.
A42: 2.2.8 | B42: SAT - VER NOTA EXPLICATIVA 1* | C42: 0.03 | D42: =(D25*C42) -> 74.0544 | F42: 2.2.8 | I42: Anexo V do Decreto n.º 3.048/1999 e Decreto n.º 6.957/2009
A43: TOTAL SUB-MÓDULO | C43: =SUM(C35:C42) -> 0.368 | D43: =SUM(D35:D42) -> 908.40064
A45: 2.3 | B45: SUB-MÓDULO 2.3 - BENEFÍCIOS MENSAIS E DIÁRIOS | D45: Valor R$ | F45: 2.3 | G45: MEMÓRIA DE CÁLCULO | H45: INFORMAÇÕES ADICIONAIS | I45: FUNDAMENTO
A46: 2.3.1 | B46: Transporte | C46: 6.25 | D46: =(C46*50.16)-(6%*D15) -> 165.3912 | F46: 2.3.1 | G46: ((50,66x R$ 5,75)-(0,06*R$ 2468,48))= 143,19 | H46: Média de 25,33 dias de trabalho, com a concessão de 2 passes diários. | I46: Art. 4º parágrafo único da Lei 7.418/85 e art. 9º do Decreto 95.247/87.
A47: 2.3.2 | B47: Auxílio Alimentação (vales,cestas básica,etc) | F47: 2.3.2
A48: 2.3.3 | B48: Assistência Médica e Familiar | F48: 2.3.3
A49: 2.3.4 | B49: Benefício Apoio Familiar | F49: 2.3.4
A50: 2.3.5 | B50: Seguro de vida, invalidez e funeral | F50: 2.3.5
A51: 2.3.6 | B51: Fundo de formação profissional | F51: 2.3.6
A52: 2.3.7 | B52: Vale Alimentação - Férias | F52: 2.3.7
A53: 2.3.8 | B53: Desjejum
A54: 2.3.9 | B54: Crédito de Pis e Cofins | C54: 0.0925 | D54: =-(D46+D47+D52)*C54 -> -15.298686 | F54: 2.3.8 | G54: 143,19 x 9,25% =13,24 | I54: art. 3º da Lei Federal n.º 10.637, de 30/12/2002 e Lei Federal n.º 10.833, de 29/12/2003.
A55: TOTAL SUB-MÓDULO | D55: =SUM(D46:D54) -> 150.09251
A57: QUADRO-RESUMO DO MÓDULO 2- ENCARGOS E BENEFÍCIOS ANUAIS, MENSAIS E DIÁRIOS
A58: 2.1 | B58: 13º SALÁRIO, FÉRIAS E ADICIONAL DE FÉRIAS | C58: =D32 -> 656.4656
A59: 2.2 | B59: GPS, FGTS E OUTRAS CONTRIBUIÇÕES | C59: =D43 -> 908.40064
A60: 2.3 | B60: BENEFÍCIOS MENSAIS E DIÁRIOS | C60: =D55 -> 150.09251
A61: TOTAL | C61: =SUM(C58:D60) -> 1714.9588
A63: MÓDULO 3 - PROVISÃO PARA RESCISÃO | F63: MÓDULO 3 - PROVISÃO PARA RESCISÃO
A64: 3 | B64: PROVISÃO PARA RESCISÃO | C64: % | D64: Valor (R$) | F64: 3 | G64: MEMÓRIA DE CÁLCULO | H64: INFORMAÇÕES ADICIONAIS | I64: FUNDAMENTO
A65: 3.1 | B65: Aviso Prévio Indenizado | C65: 0.00417 | D65: =($D$25*C65) -> 10.293562 | F65: 3.1 | G65: ([0,05x(1/12)]x100) = 0,417% | H65: Estimativa de que 5% (cinco por cento) dos empregados são demitidos pelo empregador, antes do término do contrato de trabalho. Provisão de aviso prévio indenizado: 1/12. | I65: Art. 7º, XXI, CF/88, 488 e §1º. CLT.
A66: 3.2 | B66: Incidência do FGTS sobre aviso prévio Indenizado | C66: 0.00033 | D66: =($D$25*C66) -> 0.8145984 | F66: 3.2 | G66: (0,00417x0,08)x100 = 0,033% | H66: 8% do FGTS X 0,417% | I66: Art. 15 da Lei nº 8.036, de 1990.
A67: 3.3 | B67: Multa sobre FGTS e contribuições sociais sobre aviso prévio indenizado | D67: =($D$25*C67) -> 0 | F67: 3.3 | H67: Adotada a metodologia da IN 5/2017, que unifica a multa sobre FGTS e Contribuições Sociais sobre aviso prévio indenizado e trabalhado. (alínea F) | I67: IN SEGES/MPDG N.º 5/2017 (Anexo XII).
A68: 3.4 | B68: Aviso Prévio Trabalhado | C68: 0.01944 | D68: =($D$25*C68) -> 47.987251 | F68: 3.4 | G68: ((1/30)x7]/12x100)=1,944% | H68: Redução de 7 dias para 100% dos empregados. Relativos a 12 meses de contrato. | I68: Art. 7º, XXI, CF/88; 488, parágrafo único da CLT.
A69: 3.5 | B69: Incidência do Submódulo 2.2 sobre o aviso prévio trabalhado | C69: =C43*C68 -> 0.00715392 | D69: =($D$25*C69) -> 17.659308 | F69: 3.5 | G69: ((0,368x 0,01944)x100) = 0,715% | I69: IN SEGES/MPDG N.º 5/2017 (Anexo VII-D).
A70: 3.6 | B70: Multa sobre FGTS sobre aviso prévio trabalhado | C70: 0.03439 | D70: =($D$25*C70) -> 84.891027 | F70: 3.6 | G70: ((1+0,0833+0,0833+0,0278)x(0,40x0,08x0,9)*100= 3,439% | H70: Total da Remuneração, acrescido de 13 salário mensal, férias e terço constitucional) multiplicado pelo percentual de multa sobre o FGTS, multiplicado pela alíquota de recolhimento do FGTS, multiplicado pelo percentual de dispensa sem justa causa. (90%) | I70: Art. 18, §1º da Lei 8.036/90.
A71: TOTAL SUB-MÓDULO | C71: =SUM(C65:C70) -> 0.06548392 | D71: =SUM(D65:D70) -> 161.64575
A73: MÓDULO 4 - CUSTO DE REPOSIÇÃO DO PROFISSIONAL AUSENTE | F73: MÓDULO 4 - CUSTO DE REPOSIÇÃO DO PROFISSIONAL AUSENTE
A74: 4.1 | B74: SUB-MÓDULO 4.1 - SUBSTITUTO NAS AUSÊNCIAS LEGAIS | C74: % | D74: Valor (R$) | F74: 4.1 | G74: MEMÓRIA DE CÁLCULO | H74: INFORMAÇÕES ADICIONAIS | I74: FUNDAMENTO
A75: 4.1.1 | B75: Substituto na cobertura de Faltas Legais | C75: 0.00415 | D75: =($D$25*C75) -> 10.244192 | F75: 4.1.1 | G75: [(1/ 30) x 1,4947] / 12 = 0,415% | H75: Estimativa de 1,4947 ausências por ano, de acordo com a IN 2/2008-MPOG. | I75: Art. 473 da CLT - Planilha MODELO TCU - DIRETORIA DE LICITAÇÕES
A76: 4.1.2 | B76: Substituto na cobertura de Licença paternidade | C76: 0.0002 | D76: =($D$25*C76) -> 0.493696 | F76: 4.1.2 | G76: {[(1/30) x 5] / 12} x 1,416% = 0,020% | H76: Estimativa de 1,416% (taxa de natalidade da população brasileira/IBGE) dos empregados usufruindo 5 dias da licença por ano. | I76: Art. 7º, XIX, CF/88 e 10, §1º, da ADCT - - Planilha MODELO TCU - DIRETORIA DE LICITAÇÕES
A77: 4.1.3 | B77: Substituto na cobertura de Acidente de Trabalho | C77: 0.00051 | D77: =($D$25*C77) -> 1.2589248 | F77: 4.1.3 | G77: {[(1/30) x 15] / 12} x (0,0122) = 0,051% | H77: Estimativa de 1 licença de 15 dias por ano para 1,22% dos empregados. Esta taxa foi obtida pela proporção de acidentes de trabalho registrados, 717.911, conforme dados do Anuário Estatístico da Previdência Social – AEPS/2013, em relação a 58.981.000 de trabalhadores que fazem jus a emissão da CAT (trabalhadores com carteira assinada, outros tipos de trabalhadores e domésticas), conforme dados da PNAD 2013. | I77: Art. 19 a 23 da Lei nº 8.213/91 - - Planilha MODELO TCU - DIRETORIA DE LICITAÇÕES
A78: 4.1.4 | B78: Substituto na cobertura de Férias sobre licença maternidade | C78: 0.00039 | D78: =($D$25*C78) -> 0.9627072 | F78: 4.1.4 | G78: [(0,0833 x 0,01416 x 4/12) x 100] = 0,039% | H78: Estimativa de 1,416% (taxa de natalidade da população brasileira/IBGE) de empregadas usufruindo 4 meses de licença por ano. | I78: Art. 71 da Lei n.º 8.213/1991 . Impacto do item férias sobre a licença maternidade - Cálculo retirado da Planilha MODELO TCU - DIRETORIA DE LICITAÇÕES
A79: 4.1.5 | B79: Outros (especificar) | F79: 4.1.5
A80: TOTAL SUB-MÓDULO | C80: =SUM(C75:C79) -> 0.00525 | D80: =SUM(D75:D79) -> 12.95952
A82: QUADRO RESUMO DO MÓDULO 4 - CUSTO DE REPOSIÇÃO DO PROFISSIONAL AUSENTE
A83: 4.1 | B83: AUSÊNCIAS LEGAIS | C83: =D80 -> 12.95952
A84: TOTAL | B84: TOTAL | C84: =SUM(C83:D83) -> 12.95952
A86: MÓDULO 5 - INSUMOS DIVERSOS | F86: MÓDULO 5 - INSUMOS DIVERSOS
A87: 5 | B87: INSUMOS DIVERSOS | D87: Valor R$ | F87: 5 | G87: MEMÓRIA DE CÁLCULO | H87: INFORMAÇÕES ADICIONAIS | I87: FUNDAMENTO
A88: 5.1 | B88: Uniformes | D88: 61.115 | F88: 5.1 | H88: Os itens a serem cotados estão descritos no Termo de Referência.
A89: 5.2 | B89: EPI's | D89: 76.39 | F89: 5.2 | H89: Os itens a serem cotados estão descritos no Termo de Referência.
A90: 5.3 | B90: Crédito de Pis e Cofins | C90: 0.0925 | D90: =-(D88+D89)*C90 -> -12.719212 | F90: 5.3 | G90: (34,17+47,19) x 9,25% = 7,53 | I90: art. 3º da Lei Federal n.º 10.637, de 30/12/2002 e Lei Federal n.º 10.833, de 29/12/2003.
B91: TOTAL DE INSUMOS | D91: =SUM(D88:D90) -> 124.78579
A93: QUADRO-RESUMO POR CUSTO DO EMPREGADO
A94: 1 | B94: MÓDULO 1 - COMPOSIÇÃO DA REMUNERAÇÃO | C94: =D25 -> 2468.48
A95: 2 | B95: MÓDULO 2 - ENCARGOS E BENEFÍCIOS ANUAIS, MENSAIS E DIÁRIOS | C95: =C61 -> 1714.9588
A96: 3 | B96: MÓDULO 3 - PROVISÃO PARA RESCISÃO | C96: =D71 -> 161.64575
A97: 4 | B97: MÓDULO 4 - CUSTO DE REPOSIÇÃO DO PROFISSIONAL AUSENTE | C97: =C84 -> 12.95952
A98: 5 | B98: MÓDULO 5 - INSUMOS DIVERSOS | C98: =D91 -> 124.78579
A99: TOTAL | B99: TOTAL | C99: =SUM(C94:D98) -> 4482.8298 | D99: =SUM(D94:D98) -> 0
A101: * NOTA 1: RAT X FAP A licitante deve preencher o item em questão com o valor real do seu RATXFAP. Como forma de comprovação do percentual lançado em planilha, a licitante deverá anexar à proposta comercial final (após a fase de lances) declaração firmada, sob as penas da lei, pelo representante legal e contador, com o devido CRC, ratificando os valores individuais de RAT E FAP apresentados.
A103: * NOTA 2: CUSTOS NÃO RENOVÁVEIS Nas eventuais prorrogações contratuais, os custos não renováveis já pagos ou amortizados no primeiro ano da contratação deverão ser eliminados como condição para a renovação. São custos não renováveis e serão eliminados na proporção da amortização ocorrida no primeiro ano de contrato: aviso prévio indenizado (será permitida a manutenção de 10% do valor inicialmente provisionado, em atendimento à Lei n.º 12.506/2001 e Acórdão 1.186/2017 - Plenário TCU) , aviso prévio trabalhado, incidência do FGTS sobre aviso prévio indenizado, incidência dos encargos do submódulo 2.2. sobre o aviso prévio trabalho e os custos que compõem o módulo 4 - Custo de Reposição do Profissional Ausente.
A105: * NOTA 3: LAUDO DE INSALUBRIDADE/PERICULOSIDADE O pagamento do adicional de insalubridade e/ou periculosidade estará condicionado à realização, pela empresa contratada, de perícia por profissional competente (médico ou engenheiro do trabalho), e da apresentação de laudo que venha a atestar existência de tais adicionais bem como do grau de incidência, (mínimo, médio ou máximo), quando for o caso, bem como se a atividades apontada como insalubre consta da relação da NR–15 do MTE, nos termos do artigo 192 da CLT ou se perciculosa consta da relação da NR-16 DO MTE, nos termos do artigo 195 da CLT. A contratada terá um prazo de até 30 (trinta) dias a partir da celebração do contrato para apresentar o referido laudo.

Sheet (A.7) Motorista Cat D
A1: COMPANHIA MUNICIPAL DE TRÂNSITO E URBANIZAÇÃO DE LONDRINA
A2: PLANILHA DE CUSTOS E FORMAÇÃO DE PREÇOS
A4: Mês de Referência | C4: Fevereiro de 2026
A5: Município/UF | C5: Londrina/PR
A6: Acordo, Convenção ou Sentença Normativa em Dissídio Coletivo | C6: CCT SINTTROL 2024/2025
A7: Data base da categoria | C7: SINTTROL 01/08/2024
A8: Nº de meses de execução contratual | C8: 12
A10: IDENTIFICAÇÃO DO SERVIÇO | C10: CBO
A11: MOTORISTA CAT D | C11: 7823-10
A13: MÓDULO 1 - COMPOSIÇÃO DA REMUNERAÇÃO | F13: MÓDULO 1 - COMPOSIÇÃO DA REMUNERAÇÃO
A14: 1 | B14: COMPOSIÇÃO DA REMUNERAÇÃO | D14: Valor R$ | F14: 1 | G14: MEMÓRIA DE CÁLCULO | H14: INFORMAÇÕES ADICIONAIS | I14: FUNDAMENTO
A15: 1.1 | B15: Salário Base | D15: 2692.36 | F15: 1.1 | I15: Convenção Coletiva de Trabalho
A16: 1.2 | B16: Adicional de Assiduidade | D16: 0 | F16: 1.2
A17: 1.3 | B17: Adicional de Risco | D17: 0 | F17: 1.3
A18: 1.4 | B18: Adicional de Periculosidade | D18: =(D15*C18) -> 0 | F18: 1.4
A19: 1.5 | B19: Adicional de Insalubridade | D19: =(D16*C19) -> 0 | F19: 1.5
A20: 1.6 | B20: Adicional Noturno | D20: 0 | F20: 1.6
A21: 1.7 | B21: Adicional de Hora Noturna Reduzida | D21: 0 | F21: 1.7
A22: 1.8 | B22: Adicional de Hora Extra | D22: 0 | F22: 1.8
A23: 1.9 | B23: Descanso Semanal Remunerado | D23: 0 | F23: 1.9
A24: 1.10 | B24: Outros | D24: =SUM(D15:D23)*C24 -> 0 | F24: 1.10
A25: TOTAL DA REMUNERAÇÃO | D25: =SUM(D15:D24) -> 2692.36
A27: MÓDULO 2 - ENCARGOS E BENEFÍCIOS ANUAIS, MENSAIS E DIÁRIOS | F27: MÓDULO 2 - ENCARGOS E BENEFÍCIOS ANUAIS, MENSAIS E DIÁRIOS
A28: 2.1 | B28: SUB-MÓDULO 2.1 - 13º SALÁRIO, FÉRIAS E ADICIONAL DE FÉRIAS | C28: % | D28: Valor (R$) | F28: 2.1 | G28: MEMÓRIA DE CÁLCULO | H28: INFORMAÇÕES ADICIONAIS | I28: FUNDAMENTO
A29: 2.1.1 | B29: 13º salário | C29: 0.0833 | D29: =($D$25*C29) -> 224.27359 | F29: 2.1.1 | G29: [(1/12)x100] = 8,333% | H29: 1 salário dividido por 12 meses de contrato. | I29: Art. 7º, VIII, CF/88 - Cálculo retirado da Planilha MODELO TCU - DIRETORIA DE LICITAÇÕES
A30: 2.1.2 | B30: Férias e terço constitucional de férias | C30: 0.1111 | D30: =($D$25*C30) -> 299.1212 | F30: 2.1.2 | G30: {[(1+1/3)/12]x100} = 11,111% | H30: 1 salário dividido por 12 meses de contrato, acrescido de 1/3 de férias. | I30: Art. 7º, XVII, CF/88 Cálculo retirado da Planilha MODELO TCU - DIRETORIA DE LICITAÇÕES
A31: 2.1.3 | B31: Incidência do Sub-módulo 2.2 | C31: =C43*(C29+C30) -> 0.0715392 | D31: =($D$25*C31) -> 192.60928 | F31: 2.1.3 | G31: (0,0833+0,1111)x0,3680= 0,0715x100=7,15% | H31: incidência do sub-módulo 2, sobre os itens desse módulo
A32: TOTAL SUB-MÓDULO | D32: =SUM(D29:D31) -> 716.00406
A34: 2.2 | B34: SUB-MÓDULO 2.2 - GPS, FGTS E OUTRAS CONTRIBUIÇÕES | C34: % | D34: Valor (R$) | F34: 2.1 | G34: MEMÓRIA DE CÁLCULO | H34: INFORMAÇÕES ADICIONAIS | I34: FUNDAMENTO
A35: 2.2.1 | B35: INSS | C35: 0.2 | D35: =(D25*C35) -> 538.472 | F35: 2.2.1 | I35: Art. 22, Inciso I, da Lei nº 8.212/91.
A36: 2.2.2 | B36: FGTS | C36: 0.08 | D36: =(D25*C36) -> 215.3888 | F36: 2.2.2 | I36: Art. 15, Lei nº 8.030/90 e Art. 7º, III, CF/88
A37: 2.2.3 | B37: SESI OU SESC | C37: 0.015 | D37: =(D25*C37) -> 40.3854 | F37: 2.2.3 | I37: Art. 3º, Lei n.º 8.036/90.
A38: 2.2.4 | B38: SENAI OU SENAC | C38: 0.01 | D38: =(D25*C38) -> 26.9236 | F38: 2.2.4 | I38: Decreto n.º 2.318/86.
A39: 2.2.5 | B39: SEBRAE | C39: 0.006 | D39: =(D25*C39) -> 16.15416 | F39: 2.2.5 | I39: Art. 8º, Lei n.º 8.029/90 e Lei n.º 8.154/90.
A40: 2.2.6 | B40: INCRA | C40: 0.002 | D40: =(D25*C40) -> 5.38472 | F40: 2.2.6 | I40: Lei n.º 7.787/89 e DL n.º 1.146/70.
A41: 2.2.7 | B41: SALÁRIO EDUCAÇÃO | C41: 0.025 | D41: =(D25*C41) -> 67.309 | F41: 2.2.7 | I41: Art. 3º, Inciso I, Decreto n.º 87.043/82.
A42: 2.2.8 | B42: SAT - VER NOTA EXPLICATIVA 1* | C42: 0.03 | D42: =(D25*C42) -> 80.7708 | F42: 2.2.8 | I42: Anexo V do Decreto n.º 3.048/1999 e Decreto n.º 6.957/2009
A43: TOTAL SUB-MÓDULO | C43: =SUM(C35:C42) -> 0.368 | D43: =SUM(D35:D42) -> 990.78848
A45: 2.3 | B45: SUB-MÓDULO 2.3 - BENEFÍCIOS MENSAIS E DIÁRIOS | D45: Valor R$ | F45: 2.3 | G45: MEMÓRIA DE CÁLCULO | H45: INFORMAÇÕES ADICIONAIS | I45: FUNDAMENTO
A46: 2.3.1 | B46: Transporte | C46: 6.25 | D46: =(C46*50.16)-(6%*D15) -> 151.9584 | F46: 2.3.1 | G46: ((50,66x R$ 5,75)-(0,06*R$ 1700,00))= 189,30 | H46: Média de 25,33 dias de trabalho, com a concessão de 2 passes diários. | I46: Art. 4º parágrafo único da Lei 7.418/85 e art. 9º do Decreto 95.247/87.
A47: 2.3.2 | B47: Auxílio Alimentação (vales,cestas básica,etc) | D47: =C47-(C47*0.2) -> 0 | F47: 2.3.2 | G47: (R$700-(R$ 700x0,2))= R$ 560,00 | H47: Valor de R$ 700,00 de vale alimentação, descontados 20%, conforme CCT | I47: Convenção Coletiva de Trabalho.
A48: 2.3.3 | B48: Assistência Médica e Familiar | D48: =C48 -> 0 | F48: 2.3.3 | I48: Convenção Coletiva de Trabalho.
A49: 2.3.4 | B49: Benefício Apoio Familiar | D49: =C49 -> 0 | F49: 2.3.4 | I49: Convenção Coletiva de Trabalho.
A50: 2.3.5 | B50: Seguro de vida, invalidez e funeral | D50: =C50 -> 0 | F50: 2.3.5
A51: 2.3.6 | B51: Fundo de formação profissional | D51: =C51 -> 0 | F51: 2.3.6
A52: 2.3.7 | B52: Vale Alimentação - Férias | D52: =(C52-(C52*0.2))/12 -> 0 | F52: 2.3.7 | G52: ((R$700-(R$ 700x0,2))/12= R$ 46,67 | H52: Valor de R$ 551,50, descontados 20%, conforme CCT a serem pagos nas férias, se não houver falta no trabalho, dividido por 12 meses | I52: Convenção Coletiva de Trabalho.
A53: 2.3.8 | B53: Desjejum | I53: Convenção Coletiva de Trabalho.
A54: 2.3.9 | B54: Crédito de Pis e Cofins | C54: 0.0925 | D54: =-(D46+D47+D52)*C54 -> -14.056152 | F54: 2.3.8 | G54: (189,30+560,00 +46,67) x 9,25% = 73,63 | I54: art. 3º da Lei Federal n.º 10.637, de 30/12/2002 e Lei Federal n.º 10.833, de 29/12/2003.
A55: TOTAL SUB-MÓDULO | D55: =SUM(D46:D54) -> 137.90225
A57: QUADRO-RESUMO DO MÓDULO 2- ENCARGOS E BENEFÍCIOS ANUAIS, MENSAIS E DIÁRIOS
A58: 2.1 | B58: 13º SALÁRIO, FÉRIAS E ADICIONAL DE FÉRIAS | C58: =D32 -> 716.00406
A59: 2.2 | B59: GPS, FGTS E OUTRAS CONTRIBUIÇÕES | C59: =D43 -> 990.78848
A60: 2.3 | B60: BENEFÍCIOS MENSAIS E DIÁRIOS | C60: =D55 -> 137.90225
A61: TOTAL | C61: =SUM(C58:D60) -> 1844.6948
A63: MÓDULO 3 - PROVISÃO PARA RESCISÃO | F63: MÓDULO 3 - PROVISÃO PARA RESCISÃO
A64: 3 | B64: PROVISÃO PARA RESCISÃO | C64: % | D64: Valor (R$) | F64: 3 | G64: MEMÓRIA DE CÁLCULO | H64: INFORMAÇÕES ADICIONAIS | I64: FUNDAMENTO
A65: 3.1 | B65: Aviso Prévio Indenizado | C65: 0.00417 | D65: =($D$25*C65) -> 11.227141 | F65: 3.1 | G65: ([0,05x(1/12)]x100) = 0,417% | H65: Estimativa de que 5% (cinco por cento) dos empregados são demitidos pelo empregador, antes do término do contrato de trabalho. Provisão de aviso prévio indenizado: 1/12. | I65: Art. 7º, XXI, CF/88, 488 e §1º. CLT.
A66: 3.2 | B66: Incidência do FGTS sobre aviso prévio Indenizado | C66: 0.00033 | D66: =($D$25*C66) -> 0.8884788 | F66: 3.2 | G66: (0,00417x0,08)x100 = 0,033% | H66: 8% do FGTS X 0,417% | I66: Art. 15 da Lei nº 8.036, de 1990.
A67: 3.3 | B67: Multa sobre FGTS e contribuições sociais sobre aviso prévio indenizado | D67: =($D$25*C67) -> 0 | F67: 3.3 | H67: Adotada a metodologia da IN 5/2017, que unifica a multa sobre FGTS e Contribuições Sociais sobre aviso prévio indenizado e trabalhado. (alínea F) | I67: IN SEGES/MPDG N.º 5/2017 (Anexo XII).
A68: 3.4 | B68: Aviso Prévio Trabalhado | C68: 0.01944 | D68: =($D$25*C68) -> 52.339478 | F68: 3.4 | G68: ((1/30)x7]/12x100)=1,944% | H68: Redução de 7 dias para 100% dos empregados. Relativos a 12 meses de contrato. | I68: Art. 7º, XXI, CF/88; 488, parágrafo único da CLT.
A69: 3.5 | B69: Incidência do Submódulo 2.2 sobre o aviso prévio trabalhado | C69: =C43*C68 -> 0.00715392 | D69: =($D$25*C69) -> 19.260928 | F69: 3.5 | G69: ((0,368x 0,01944)x100) = 0,715% | I69: IN SEGES/MPDG N.º 5/2017 (Anexo VII-D).
A70: 3.6 | B70: Multa sobre FGTS sobre aviso prévio trabalhado | C70: 0.03439 | D70: =($D$25*C70) -> 92.59026 | F70: 3.6 | G70: ((1+0,0833+0,0833+0,0278)x(0,40x0,08x0,9)*100= 3,439% | H70: Total da Remuneração, acrescido de 13 salário mensal, férias e terço constitucional) multiplicado pelo percentual de multa sobre o FGTS, multiplicado pela alíquota de recolhimento do FGTS, multiplicado pelo percentual de dispensa sem justa causa. (90%) | I70: Art. 18, §1º da Lei 8.036/90.
A71: TOTAL SUB-MÓDULO | C71: =SUM(C65:C70) -> 0.06548392 | D71: =SUM(D65:D70) -> 176.30629
A73: MÓDULO 4 - CUSTO DE REPOSIÇÃO DO PROFISSIONAL AUSENTE | F73: MÓDULO 4 - CUSTO DE REPOSIÇÃO DO PROFISSIONAL AUSENTE
A74: 4.1 | B74: SUB-MÓDULO 4.1 - SUBSTITUTO NAS AUSÊNCIAS LEGAIS | C74: % | D74: Valor (R$) | F74: 4.1 | G74: MEMÓRIA DE CÁLCULO | H74: INFORMAÇÕES ADICIONAIS | I74: FUNDAMENTO
A75: 4.1.1 | B75: Substituto na cobertura de Faltas Legais | C75: 0.00415 | D75: =($D$25*C75) -> 11.173294 | F75: 4.1.1 | G75: [(1/ 30) x 1,4947] / 12 = 0,415% | H75: Estimativa de 1,4947 ausências por ano, de acordo com a IN 2/2008-MPOG. | I75: Art. 473 da CLT - Planilha MODELO TCU - DIRETORIA DE LICITAÇÕES
A76: 4.1.2 | B76: Substituto na cobertura de Licença paternidade | C76: 0.0002 | D76: =($D$25*C76) -> 0.538472 | F76: 4.1.2 | G76: {[(1/30) x 5] / 12} x 1,416% = 0,020% | H76: Estimativa de 1,416% (taxa de natalidade da população brasileira/IBGE) dos empregados usufruindo 5 dias da licença por ano. | I76: Art. 7º, XIX, CF/88 e 10, §1º, da ADCT - - Planilha MODELO TCU - DIRETORIA DE LICITAÇÕES
A77: 4.1.3 | B77: Substituto na cobertura de Acidente de Trabalho | C77: 0.00051 | D77: =($D$25*C77) -> 1.3731036 | F77: 4.1.3 | G77: {[(1/30) x 15] / 12} x (0,0122) = 0,051% | H77: Estimativa de 1 licença de 15 dias por ano para 1,22% dos empregados. Esta taxa foi obtida pela proporção de acidentes de trabalho registrados, 717.911, conforme dados do Anuário Estatístico da Previdência Social – AEPS/2013, em relação a 58.981.000 de trabalhadores que fazem jus a emissão da CAT (trabalhadores com carteira assinada, outros tipos de trabalhadores e domésticas), conforme dados da PNAD 2013. | I77: Art. 19 a 23 da Lei nº 8.213/91 - - Planilha MODELO TCU - DIRETORIA DE LICITAÇÕES
A78: 4.1.4 | B78: Substituto na cobertura de Férias sobre licença maternidade | C78: 0.00039 | D78: =($D$25*C78) -> 1.0500204 | F78: 4.1.4 | G78: [(0,0833 x 0,01416 x 4/12) x 100] = 0,039% | H78: Estimativa de 1,416% (taxa de natalidade da população brasileira/IBGE) de empregadas usufruindo 4 meses de licença por ano. | I78: Art. 71 da Lei n.º 8.213/1991 . Impacto do item férias sobre a licença maternidade - Cálculo retirado da Planilha MODELO TCU - DIRETORIA DE LICITAÇÕES
A79: 4.1.5 | B79: Outros (especificar) | F79: 4.1.5
A80: TOTAL SUB-MÓDULO | C80: =SUM(C75:C79) -> 0.00525 | D80: =SUM(D75:D79) -> 14.13489
A82: QUADRO RESUMO DO MÓDULO 4 - CUSTO DE REPOSIÇÃO DO PROFISSIONAL AUSENTE
A83: 4.1 | B83: AUSÊNCIAS LEGAIS | C83: =D80 -> 14.13489
A84: TOTAL | B84: TOTAL | C84: =SUM(C83:D83) -> 14.13489
A86: MÓDULO 5 - INSUMOS DIVERSOS | F86: MÓDULO 5 - INSUMOS DIVERSOS
A87: 5 | B87: INSUMOS DIVERSOS | D87: Valor R$ | F87: 5 | G87: MEMÓRIA DE CÁLCULO | H87: INFORMAÇÕES ADICIONAIS | I87: FUNDAMENTO
A88: 5.1 | B88: Uniformes | D88: 61.115 | F88: 5.1 | H88: Os itens a serem cotados estão descritos no Termo de Referência.
A89: 5.2 | B89: EPI's | D89: 67.64 | F89: 5.2 | H89: Os itens a serem cotados estão descritos no Termo de Referência.
A90: 5.3 | B90: Crédito de Pis e Cofins | C90: 0.0925 | D90: =-(D88+D89)*C90 -> -11.909838 | F90: 5.3 | G90: (68,33+58,09) x 9,25% =11,69 | I90: art. 3º da Lei Federal n.º 10.637, de 30/12/2002 e Lei Federal n.º 10.833, de 29/12/2003.
B91: TOTAL DE INSUMOS | D91: =SUM(D88:D90) -> 116.84516
A93: QUADRO-RESUMO POR CUSTO DO EMPREGADO
A94: 1 | B94: MÓDULO 1 - COMPOSIÇÃO DA REMUNERAÇÃO | C94: =D25 -> 2692.36
A95: 2 | B95: MÓDULO 2 - ENCARGOS E BENEFÍCIOS ANUAIS, MENSAIS E DIÁRIOS | C95: =C61 -> 1844.6948
A96: 3 | B96: MÓDULO 3 - PROVISÃO PARA RESCISÃO | C96: =D71 -> 176.30629
A97: 4 | B97: MÓDULO 4 - CUSTO DE REPOSIÇÃO DO PROFISSIONAL AUSENTE | C97: =C84 -> 14.13489
A98: 5 | B98: MÓDULO 5 - INSUMOS DIVERSOS | C98: =D91 -> 116.84516
A99: TOTAL | B99: TOTAL | C99: =SUM(C94:D98) -> 4844.3411 | D99: =SUM(D94:D98) -> 0
A101: * NOTA 1: RAT X FAP A licitante deve preencher o item em questão com o valor real do seu RATXFAP. Como forma de comprovação do percentual lançado em planilha, a licitante deverá anexar à proposta comercial final (após a fase de lances) declaração firmada, sob as penas da lei, pelo representante legal e contador, com o devido CRC, ratificando os valores individuais de RAT E FAP apresentados.
A103: * NOTA 2: CUSTOS NÃO RENOVÁVEIS Nas eventuais prorrogações contratuais, os custos não renováveis já pagos ou amortizados no primeiro ano da contratação deverão ser eliminados como condição para a renovação. São custos não renováveis e serão eliminados na proporção da amortização ocorrida no primeiro ano de contrato: aviso prévio indenizado (será permitida a manutenção de 10% do valor inicialmente provisionado, em atendimento à Lei n.º 12.506/2001 e Acórdão 1.186/2017 - Plenário TCU) , aviso prévio trabalhado, incidência do FGTS sobre aviso prévio indenizado, incidência dos encargos do submódulo 2.2. sobre o aviso prévio trabalho e os custos que compõem o módulo 4 - Custo de Reposição do Profissional Ausente.
A105: * NOTA 3: LAUDO DE INSALUBRIDADE/PERICULOSIDADE O pagamento do adicional de insalubridade e/ou periculosidade estará condicionado à realização, pela empresa contratada, de perícia por profissional competente (médico ou engenheiro do trabalho), e da apresentação de laudo que venha a atestar existência de tais adicionais bem como do grau de incidência, (mínimo, médio ou máximo), quando for o caso, bem como se a atividades apontada como insalubre consta da relação da NR–15 do MTE, nos termos do artigo 192 da CLT ou se perciculosa consta da relação da NR-16 DO MTE, nos termos do artigo 195 da CLT. A contratada terá um prazo de até 30 (trinta) dias a partir da celebração do contrato para apresentar o referido laudo.

Sheet (A.8) Operador de Bobcat
A1: COMPANHIA MUNICIPAL DE TRÂNSITO E URBANIZAÇÃO DE LONDRINA
A2: PLANILHA DE CUSTOS E FORMAÇÃO DE PREÇOS
A4: Mês de Referência | C4: Fevereiro de 2026
A5: Município/UF | C5: Londrina/PR
A6: Acordo, Convenção ou Sentença Normativa em Dissídio Coletivo | C6: CCT SINTRAPAV 2025/2026
A7: Data base da categoria | C7: SINTRAPAV 01/06/2025
A8: Nº de meses de execução contratual | C8: 12
A10: IDENTIFICAÇÃO DO SERVIÇO | C10: CBO
A11: OPERADOR DE BOB CAT (Nível III) | C11: 7112-10
A13: MÓDULO 1 - COMPOSIÇÃO DA REMUNERAÇÃO
A14: 1 | B14: COMPOSIÇÃO DA REMUNERAÇÃO | D14: Valor R$
A15: 1.1 | B15: Salário Base | D15: =220*11.33 -> 2492.6
A16: 1.2 | B16: Adicional de Assiduidade | D16: 0
A17: 1.3 | B17: Adicional de Risco | D17: 0
A18: 1.4 | B18: Adicional de Periculosidade | D18: =(D15*C18) -> 0
A19: 1.5 | B19: Adicional de Insalubridade | D19: =(D16*C19) -> 0
A20: 1.6 | B20: Adicional Noturno | D20: 0
A21: 1.7 | B21: Adicional de Hora Noturna Reduzida | D21: 0
A22: 1.8 | B22: Adicional de Hora Extra | D22: 0
A23: 1.9 | B23: Descanso Semanal Remunerado | D23: 0
A24: 1.10 | B24: Outros | D24: =SUM(D15:D23)*C24 -> 0
A25: TOTAL DA REMUNERAÇÃO | D25: =SUM(D15:D24) -> 2492.6
A27: MÓDULO 2 - ENCARGOS E BENEFÍCIOS ANUAIS, MENSAIS E DIÁRIOS
A28: 2.1 | B28: SUB-MÓDULO 2.1 - 13º SALÁRIO, FÉRIAS E ADICIONAL DE FÉRIAS | C28: % | D28: Valor (R$)
A29: 2.1.1 | B29: 13º salário | C29: 0.0833 | D29: =($D$25*C29) -> 207.63358
A30: 2.1.2 | B30: Férias e terço constitucional de férias | C30: 0.1111 | D30: =($D$25*C30) -> 276.92786
A31: 2.1.3 | B31: Incidência do Sub-módulo 2.2 | C31: =C43*(C29+C30) -> 0.0715392 | D31: =($D$25*C31) -> 178.31861
A32: TOTAL SUB-MÓDULO | D32: =SUM(D29:D31) -> 662.88005
A34: 2.2 | B34: SUB-MÓDULO 2.2 - GPS, FGTS E OUTRAS CONTRIBUIÇÕES | C34: % | D34: Valor (R$)
A35: 2.2.1 | B35: INSS | C35: 0.2 | D35: =(D25*C35) -> 498.52
A36: 2.2.2 | B36: FGTS | C36: 0.08 | D36: =(D25*C36) -> 199.408
A37: 2.2.3 | B37: SESI OU SESC | C37: 0.015 | D37: =(D25*C37) -> 37.389
A38: 2.2.4 | B38: SENAI OU SENAC | C38: 0.01 | D38: =(D25*C38) -> 24.926
A39: 2.2.5 | B39: SEBRAE | C39: 0.006 | D39: =(D25*C39) -> 14.9556
A40: 2.2.6 | B40: INCRA | C40: 0.002 | D40: =(D25*C40) -> 4.9852
A41: 2.2.7 | B41: SALÁRIO EDUCAÇÃO | C41: 0.025 | D41: =(D25*C41) -> 62.315
A42: 2.2.8 | B42: SAT - VER NOTA EXPLICATIVA 1* | C42: 0.03 | D42: =(D25*C42) -> 74.778
A43: TOTAL SUB-MÓDULO | C43: =SUM(C35:C42) -> 0.368 | D43: =SUM(D35:D42) -> 917.2768
A45: 2.3 | B45: SUB-MÓDULO 2.3 - BENEFÍCIOS MENSAIS E DIÁRIOS | D45: Valor R$
A46: 2.3.1 | B46: Transporte | C46: 6.25 | D46: =(C46*50.16)-(3%*D15) -> 238.722
A47: 2.3.2 | B47: Auxílio Alimentação (vales,cestas básica,etc) | C47: 400 | D47: =C47 -> 400
A48: 2.3.3 | B48: Assistência Médica e Familiar | D48: =C48 -> 0
A49: 2.3.4 | B49: Benefício Apoio Familiar | D49: =C49 -> 0
A50: 2.3.5 | B50: Seguro de vida, invalidez e funeral | D50: 17.33
A51: 2.3.6 | B51: Fundo de formação profissional | D51: =C51 -> 0
A52: 2.3.7 | B52: Vale Alimentação - Férias | C52: 400 | D52: =C52/12 -> 33.333333
A53: 2.3.8 | B53: Vale Refeição | C53: 28 | D53: =(C53*25.08)*0.8 -> 561.792
A54: 2.3.9 | B54: Crédito de Pis e Cofins | C54: 0.0925 | D54: =-(D46+D47+D52)*C54 -> -62.165118
A55: TOTAL SUB-MÓDULO | D55: =SUM(D46:D54) -> 1189.0122
A57: QUADRO-RESUMO DO MÓDULO 2- ENCARGOS E BENEFÍCIOS ANUAIS, MENSAIS E DIÁRIOS
A58: 2.1 | B58: 13º SALÁRIO, FÉRIAS E ADICIONAL DE FÉRIAS | C58: =D32 -> 662.88005
A59: 2.2 | B59: GPS, FGTS E OUTRAS CONTRIBUIÇÕES | C59: =D43 -> 917.2768
A60: 2.3 | B60: BENEFÍCIOS MENSAIS E DIÁRIOS | C60: =D55 -> 1189.0122
A61: TOTAL | C61: =SUM(C58:D60) -> 2769.1691
A63: MÓDULO 3 - PROVISÃO PARA RESCISÃO
A64: 3 | B64: PROVISÃO PARA RESCISÃO | C64: % | D64: Valor (R$)
A65: 3.1 | B65: Aviso Prévio Indenizado | C65: 0.00417 | D65: =($D$25*C65) -> 10.394142
A66: 3.2 | B66: Incidência do FGTS sobre aviso prévio Indenizado | C66: 0.00033 | D66: =($D$25*C66) -> 0.822558
A67: 3.3 | B67: Multa sobre FGTS e contribuições sociais sobre aviso prévio indenizado | D67: =($D$25*C67) -> 0
A68: 3.4 | B68: Aviso Prévio Trabalhado | C68: 0.01944 | D68: =($D$25*C68) -> 48.456144
A69: 3.5 | B69: Incidência do Submódulo 2.2 sobre o aviso prévio trabalhado | C69: =C43*C68 -> 0.00715392 | D69: =($D$25*C69) -> 17.831861
A70: 3.6 | B70: Multa sobre FGTS sobre aviso prévio trabalhado | C70: 0.03439 | D70: =($D$25*C70) -> 85.720514
A71: TOTAL SUB-MÓDULO | C71: =SUM(C65:C70) -> 0.06548392 | D71: =SUM(D65:D70) -> 163.22522
A73: MÓDULO 4 - CUSTO DE REPOSIÇÃO DO PROFISSIONAL AUSENTE
A74: 4.1 | B74: SUB-MÓDULO 4.1 - SUBSTITUTO NAS AUSÊNCIAS LEGAIS | C74: % | D74: Valor (R$)
A75: 4.1.1 | B75: Substituto na cobertura de Faltas Legais | C75: 0.00415 | D75: =($D$25*C75) -> 10.34429
A76: 4.1.2 | B76: Substituto na cobertura de Licença paternidade | C76: 0.0002 | D76: =($D$25*C76) -> 0.49852
A77: 4.1.3 | B77: Substituto na cobertura de Acidente de Trabalho | C77: 0.00051 | D77: =($D$25*C77) -> 1.271226
A78: 4.1.4 | B78: Substituto na cobertura de Férias sobre licença maternidade | C78: 0.00039 | D78: =($D$25*C78) -> 0.972114
A79: 4.1.5 | B79: Outros (especificar)
A80: TOTAL SUB-MÓDULO | C80: =SUM(C75:C79) -> 0.00525 | D80: =SUM(D75:D79) -> 13.08615
A82: QUADRO RESUMO DO MÓDULO 4 - CUSTO DE REPOSIÇÃO DO PROFISSIONAL AUSENTE
A83: 4.1 | B83: AUSÊNCIAS LEGAIS | C83: =D80 -> 13.08615
A84: TOTAL | B84: TOTAL | C84: =SUM(C83:D83) -> 13.08615
A86: MÓDULO 5 - INSUMOS DIVERSOS
A87: 5 | B87: INSUMOS DIVERSOS | D87: Valor R$
A88: 5.1 | B88: Uniformes | D88: 61.15
A89: 5.2 | B89: EPI's | D89: 76.39
A90: 5.3 | B90: Crédito de Pis e Cofins | C90: 0.0925 | D90: =-(D88+D89)*C90 -> -12.72245
B91: TOTAL DE INSUMOS | D91: =SUM(D88:D90) -> 124.81755
A93: QUADRO-RESUMO POR CUSTO DO EMPREGADO
A94: 1 | B94: MÓDULO 1 - COMPOSIÇÃO DA REMUNERAÇÃO | D94: =D25 -> 2492.6
A95: 2 | B95: MÓDULO 2 - ENCARGOS E BENEFÍCIOS ANUAIS, MENSAIS E DIÁRIOS | D95: =C61 -> 2769.1691
A96: 3 | B96: MÓDULO 3 - PROVISÃO PARA RESCISÃO | D96: =D71 -> 163.22522
A97: 4 | B97: MÓDULO 4 - CUSTO DE REPOSIÇÃO DO PROFISSIONAL AUSENTE | D97: =C84 -> 13.08615
A98: 5 | B98: MÓDULO 5 - INSUMOS DIVERSOS | D98: =D91 -> 124.81755
A99: TOTAL | B99: TOTAL | D99: =SUM(D94:D98) -> 5562.898
A101: * NOTA 1: RAT X FAP A licitante deve preencher o item em questão com o valor real do seu RATXFAP. Como forma de comprovação do percentual lançado em planilha, a licitante deverá anexar à proposta comercial final (após a fase de lances) declaração firmada, sob as penas da lei, pelo representante legal e contador, com o devido CRC, ratificando os valores individuais de RAT E FAP apresentados.
A103: * NOTA 2: CUSTOS NÃO RENOVÁVEIS Nas eventuais prorrogações contratuais, os custos não renováveis já pagos ou amortizados no primeiro ano da contratação deverão ser eliminados como condição para a renovação. São custos não renováveis e serão eliminados na proporção da amortização ocorrida no primeiro ano de contrato: aviso prévio indenizado (será permitida a manutenção de 10% do valor inicialmente provisionado, em atendimento à Lei n.º 12.506/2001 e Acórdão 1.186/2017 - Plenário TCU) , aviso prévio trabalhado, incidência do FGTS sobre aviso prévio indenizado, incidência dos encargos do submódulo 2.2. sobre o aviso prévio trabalho e os custos que compõem o módulo 4 - Custo de Reposição do Profissional Ausente.
A105: * NOTA 3: LAUDO DE INSALUBRIDADE/PERICULOSIDADE O pagamento do adicional de insalubridade e/ou periculosidade estará condicionado à realização, pela empresa contratada, de perícia por profissional competente (médico ou engenheiro do trabalho), e da apresentação de laudo que venha a atestar existência de tais adicionais bem como do grau de incidência, (mínimo, médio ou máximo), quando for o caso, bem como se a atividades apontada como insalubre consta da relação da NR–15 do MTE, nos termos do artigo 192 da CLT ou se perciculosa consta da relação da NR-16 DO MTE, nos termos do artigo 195 da CLT. A contratada terá um prazo de até 30 (trinta) dias a partir da celebração do contrato para apresentar o referido laudo.

Sheet (A.9) Operador de roçadeira
A1: COMPANHIA MUNICIPAL DE TRÂNSITO E URBANIZAÇÃO DE LONDRINA
A2: PLANILHA DE CUSTOS E FORMAÇÃO DE PREÇOS
A4: Mês de Referência | C4: Fevereiro de 2026
A5: Município/UF | C5: Londrina/PR
A6: Acordo, Convenção ou Sentença Normativa em Dissídio Coletivo | C6: CCT SIEMACO 2026/2028
A7: Data base da categoria | C7: SIEMACO 01/02/2026
A8: Nº de meses de execução contratual | C8: 12
A10: IDENTIFICAÇÃO DO SERVIÇO | C10: CBO
A11: ROÇADOR (Operador de Máquina Costal) | C11: 5142-25
A13: MÓDULO 1 - COMPOSIÇÃO DA REMUNERAÇÃO
A14: 1 | B14: COMPOSIÇÃO DA REMUNERAÇÃO | D14: Valor R$
A15: 1.1 | B15: Salário Base | D15: 2404
A16: 1.2 | B16: Adicional de Assiduidade | D16: 0
A17: 1.3 | B17: Adicional de Risco
A18: 1.4 | B18: Adidional de Periculosidade | D18: =(D15*C18) -> 0
A19: 1.5 | B19: Adicional de Insalubridade | C19: 0.2 | D19: =1621*C19 -> 324.2
A20: 1.6 | B20: Adicional Noturno | D20: 0
A21: 1.7 | B21: Adicional de Hora Noturna Reduzida | D21: 0
A22: 1.8 | B22: Adicional de Hora Extra | D22: 0
A23: 1.9 | B23: Descanso Semanal Remunerado | D23: 0
A24: 1.10 | B24: Outros | D24: =SUM(D15:D23)*C24 -> 0
A25: TOTAL DA REMUNERAÇÃO | D25: =SUM(D15:D24) -> 2728.2
A27: MÓDULO 2 - ENCARGOS E BENEFÍCIOS ANUAIS, MENSAIS E DIÁRIOS
A28: 2.1 | B28: SUB-MÓDULO 2.1 - 13º SALÁRIO, FÉRIAS E ADICIONAL DE FÉRIAS | C28: % | D28: Valor (R$)
A29: 2.1.1 | B29: 13º salário | C29: 0.0833 | D29: =($D$25*C29) -> 227.25906
A30: 2.1.2 | B30: Férias e terço constitucional de férias | C30: 0.1111 | D30: =($D$25*C30) -> 303.10302
A31: 2.1.3 | B31: Incidência do Sub-módulo 2.2 | C31: =C43*(C29+C30) -> 0.0715392 | D31: =($D$25*C31) -> 195.17325
A32: TOTAL SUB-MÓDULO | D32: =SUM(D29:D31) -> 725.53533
A34: 2.2 | B34: SUB-MÓDULO 2.2 - GPS, FGTS E OUTRAS CONTRIBUIÇÕES | C34: % | D34: Valor (R$)
A35: 2.2.1 | B35: INSS | C35: 0.2 | D35: =(D25*C35) -> 545.64
A36: 2.2.2 | B36: FGTS | C36: 0.08 | D36: =(D25*C36) -> 218.256
A37: 2.2.3 | B37: SESI OU SESC | C37: 0.015 | D37: =(D25*C37) -> 40.923
A38: 2.2.4 | B38: SENAI OU SENAC | C38: 0.01 | D38: =(D25*C38) -> 27.282
A39: 2.2.5 | B39: SEBRAE | C39: 0.006 | D39: =(D25*C39) -> 16.3692
A40: 2.2.6 | B40: INCRA | C40: 0.002 | D40: =(D25*C40) -> 5.4564
A41: 2.2.7 | B41: SALÁRIO EDUCAÇÃO | C41: 0.025 | D41: =(D25*C41) -> 68.205
A42: 2.2.8 | B42: SAT - VER NOTA EXPLICATIVA 1* | C42: 0.03 | D42: =(D25*C42) -> 81.846
A43: TOTAL SUB-MÓDULO | C43: =SUM(C35:C42) -> 0.368 | D43: =SUM(D35:D42) -> 1003.9776
A45: 2.3 | B45: SUB-MÓDULO 2.3 - BENEFÍCIOS MENSAIS E DIÁRIOS | D45: Valor R$
A46: 2.3.1 | B46: Transporte | C46: 6.25 | D46: =(C46*50.16)-(6%*D15) -> 169.26
A47: 2.3.2 | B47: Auxílio Alimentação (vales,cestas básica,etc) | C47: 900 | D47: =C47-(C47*0.2) -> 720
A48: 2.3.3 | B48: Assistência Médica e Familiar | C48: 94.5 | D48: =C48 -> 94.5
A49: 2.3.4 | B49: Benefício Apoio Familiar | C49: 31 | D49: =C49 -> 31
A50: 2.3.5 | B50: Seguro de vida, invalidez e funeral | D50: =C50 -> 0
A51: 2.3.6 | B51: Fundo de formação profissional | D51: =C51 -> 0
A52: 2.3.7 | B52: Vale Alimentação - Férias | C52: 900 | D52: =(C52-(C52*0.2))/12 -> 60
A53: 2.3.8 | B53: Desjejum | C53: 205 | D53: =C53 -> 205
A54: 2.3.9 | B54: Crédito de Pis e Cofins | C54: 0.0925 | D54: =-(D46+D47+D52)*C54 -> -87.80655
A55: TOTAL SUB-MÓDULO | D55: =SUM(D46:D54) -> 1191.9534
A57: QUADRO-RESUMO DO MÓDULO 2- ENCARGOS E BENEFÍCIOS ANUAIS, MENSAIS E DIÁRIOS
A58: 2.1 | B58: 13º SALÁRIO, FÉRIAS E ADICIONAL DE FÉRIAS | C58: =D32 -> 725.53533
A59: 2.2 | B59: GPS, FGTS E OUTRAS CONTRIBUIÇÕES | C59: =D43 -> 1003.9776
A60: 2.3 | B60: BENEFÍCIOS MENSAIS E DIÁRIOS | C60: =D55 -> 1191.9534
A61: TOTAL | C61: =SUM(C58:D60) -> 2921.4664
A63: MÓDULO 3 - PROVISÃO PARA RESCISÃO
A64: 3 | B64: PROVISÃO PARA RESCISÃO | C64: % | D64: Valor (R$)
A65: 3.1 | B65: Aviso Prévio Indenizado | C65: 0.00417 | D65: =($D$25*C65) -> 11.376594
A66: 3.2 | B66: Incidência do FGTS sobre aviso prévio Indenizado | C66: 0.00033 | D66: =($D$25*C66) -> 0.900306
A67: 3.3 | B67: Multa sobre FGTS e contribuições sociais sobre aviso prévio indenizado | D67: =($D$25*C67) -> 0
A68: 3.4 | B68: Aviso Prévio Trabalhado | C68: 0.01944 | D68: =($D$25*C68) -> 53.036208
A69: 3.5 | B69: Incidência do Submódulo 2.2 sobre o aviso prévio trabalhado | C69: =C43*C68 -> 0.00715392 | D69: =($D$25*C69) -> 19.517325
A70: 3.6 | B70: Multa sobre FGTS sobre aviso prévio trabalhado | C70: 0.03439 | D70: =($D$25*C70) -> 93.822798
A71: TOTAL SUB-MÓDULO | C71: =SUM(C65:C70) -> 0.06548392 | D71: =SUM(D65:D70) -> 178.65323
A73: MÓDULO 4 - CUSTO DE REPOSIÇÃO DO PROFISSIONAL AUSENTE
A74: 4.1 | B74: SUB-MÓDULO 4.1 - SUBSTITUTO NAS AUSÊNCIAS LEGAIS | C74: % | D74: Valor (R$)
A75: 4.1.1 | B75: Substituto na cobertura de Faltas Legais | C75: 0.00415 | D75: =($D$25*C75) -> 11.32203
A76: 4.1.2 | B76: Substituto na cobertura de Licença paternidade | C76: 0.0002 | D76: =($D$25*C76) -> 0.54564
A77: 4.1.3 | B77: Substituto na cobertura de Acidente de Trabalho | C77: 0.00051 | D77: =($D$25*C77) -> 1.391382
A78: 4.1.4 | B78: Substituto na cobertura de Férias sobre licença maternidade | C78: 0.00039 | D78: =($D$25*C78) -> 1.063998
A79: 4.1.5 | B79: Outros (especificar)
A80: TOTAL SUB-MÓDULO | C80: =SUM(C75:C79) -> 0.00525 | D80: =SUM(D75:D79) -> 14.32305
A82: QUADRO RESUMO DO MÓDULO 4 - CUSTO DE REPOSIÇÃO DO PROFISSIONAL AUSENTE
A83: 4.1 | B83: AUSÊNCIAS LEGAIS | C83: =D80 -> 14.32305
A84: TOTAL | B84: TOTAL | C84: =SUM(C83:D83) -> 14.32305
A86: MÓDULO 5 - INSUMOS DIVERSOS
A87: 5 | B87: INSUMOS DIVERSOS | D87: Valor R$
A88: 5.1 | B88: Uniformes | D88: 61.115
A89: 5.2 | B89: EPI's | D89: 115.81
A90: 5.3 | B90: Crédito de Pis e Cofins | C90: 0.0925 | D90: =-(D88+D89)*C90 -> -16.365562
B91: TOTAL DE INSUMOS | D91: =SUM(D88:D90) -> 160.55944
A93: QUADRO-RESUMO POR CUSTO DO EMPREGADO
A94: 1 | B94: MÓDULO 1 - COMPOSIÇÃO DA REMUNERAÇÃO | D94: =D25 -> 2728.2
A95: 2 | B95: MÓDULO 2 - ENCARGOS E BENEFÍCIOS ANUAIS, MENSAIS E DIÁRIOS | D95: =C61 -> 2921.4664
A96: 3 | B96: MÓDULO 3 - PROVISÃO PARA RESCISÃO | D96: =D71 -> 178.65323
A97: 4 | B97: MÓDULO 4 - CUSTO DE REPOSIÇÃO DO PROFISSIONAL AUSENTE | D97: =C84 -> 14.32305
A98: 5 | B98: MÓDULO 5 - INSUMOS DIVERSOS | D98: =D91 -> 160.55944
A99: TOTAL | B99: TOTAL | D99: =SUM(D94:D98) -> 6003.2021
A101: * NOTA 1: RAT X FAP A licitante deve preencher o item em questão com o valor real do seu RATXFAP. Como forma de comprovação do percentual lançado em planilha, a licitante deverá anexar à proposta comercial final (após a fase de lances) declaração firmada, sob as penas da lei, pelo representante legal e contador, com o devido CRC, ratificando os valores individuais de RAT E FAP apresentados.
A103: * NOTA 2: CUSTOS NÃO RENOVÁVEIS Nas eventuais prorrogações contratuais, os custos não renováveis já pagos ou amortizados no primeiro ano da contratação deverão ser eliminados como condição para a renovação. São custos não renováveis e serão eliminados na proporção da amortização ocorrida no primeiro ano de contrato: aviso prévio indenizado (será permitida a manutenção de 10% do valor inicialmente provisionado, em atendimento à Lei n.º 12.506/2001 e Acórdão 1.186/2017 - Plenário TCU) , aviso prévio trabalhado, incidência do FGTS sobre aviso prévio indenizado, incidência dos encargos do submódulo 2.2. sobre o aviso prévio trabalho e os custos que compõem o módulo 4 - Custo de Reposição do Profissional Ausente.
A105: * NOTA 3: LAUDO DE INSALUBRIDADE/PERICULOSIDADE O pagamento do adicional de insalubridade e/ou periculosidade estará condicionado à realização, pela empresa contratada, de perícia por profissional competente (médico ou engenheiro do trabalho), e da apresentação de laudo que venha a atestar existência de tais adicionais bem como do grau de incidência, (mínimo, médio ou máximo), quando for o caso, bem como se a atividades apontada como insalubre consta da relação da NR–15 do MTE, nos termos do artigo 192 da CLT ou se perciculosa consta da relação da NR-16 DO MTE, nos termos do artigo 195 da CLT. A contratada terá um prazo de até 30 (trinta) dias a partir da celebração do contrato para apresentar o referido laudo.

Sheet (B.1) Van
A1: FORMAÇÃO DE CUSTO DE VEÍCULO
A3: VAN
A5: HORAS TRABALHADAS POR MÊS: | G5: 220
A6: KM RODADOS POR MÊS: | G6: 1800
A8: 1. VALOR DO CHASSI | F8: REFERÊNCIA
A9: ITEM | B9: DESCRITIVO | D9: % | E9: VALOR R$ | F9: Valor inicial: preço de mercado, veículo novo 0km, deduzido o valor dos pneus.
A10: 1.1 | B10: Valor Inicial | D10: 1 | E10: =(290637.5-E40) -> 289175.98
A11: SUBTOTAL | E11: =SUM(E10:E10) -> 289175.98
A13: 2. CUSTO DE MANUTENÇÃO | F13: REFERÊNCIAS
A14: ITEM | B14: DESCRITIVO | D14: COEFICIENTE | E14: VALOR MENSAL | F14: Planilha GEIPOT: Coeficiente de referência: de 0,0033 a 0,0083. Uso severo do veículo.
A15: 2.1 | B15: Custo de Manutenção | D15: 0.0083 | E15: =(D15*E11) -> 2400.1606
A16: SUBTOTAL | E16: =E15 -> 2400.1606
A18: 3. CUSTO DE COMBUSTÍVEL | F18: REFERÊNCIAS
A19: ITEM | B19: DESCRITIVO | D19: KM/L | E19: CONSUMO MENSAL - LTS | F19: Consumo médio conforme o Estudo Técnico Preliminar. Valor do combustível: preço médio da tabela da ANP, referente ao último levantamento de preços na cidade de Londrina-PR.
A20: 3.1 | B20: Consumo de Combustível | D20: 9 | E20: =G6/D20 -> 200
A21: ITEM | B21: DESCRITIVO | D21: R$/DIESEL | E21: VALOR MENSAL
A22: 3.2 | B22: Custo Unitário | D22: 6.01 | E22: =E20*D22 -> 1202
A23: SUBTOTAL | E23: =E22 -> 1202
A25: 4. CUSTO COM LUBRIFICANTE, FILTROS, GRAXAS E LAVAGENS | F25: REFERÊNCIAS
A26: ITEM | B26: DESCRITIVO | D26: COEFICIENTE | E26: VALOR MENSAL | F26: Planilha GEIPOT: Coeficientes de referência:0,04 a 0,06 , adotado o coeficiente médio.
A27: 4.1 | B27: Custo com lubrificante, filtros, graxas e lavagens | D27: 0.04 | E27: =D27*E23 -> 48.08
A28: SUBTOTAL | E28: =E27 -> 48.08
A30: 5. CUSTO DE IMPOSTOS E SEGUROS | F30: REFERÊNCIAS
A31: ITEM | B31: DESCRITIVO | D31: % ou R$ | E31: VALOR MENSAL | F31: Detran/PR , IPVA sobre valor aproximado do chassi.
A32: 5.1 | B32: IPVA | D32: 0.01 | E32: =(D32*E10)/12 -> 240.97998
A33: 5.2 | B33: Seguro Obrigatório | E33: =D33/12 -> 0
A34: SUBTOTAL | E34: =SUM(E32:E33) -> 240.97998
A36: 6. CUSTO DE RODAGEM | F36: REFERÊNCIAS
A37: ITEM | B37: DESCRITIVO | D37: QTD. TROCAS ANUAL | F37: Ciclo de troca conforme Estudo Técnico Preliminar e informações da Coordenadoria de Controle de Frotas.
A38: 6.1 | B38: Ciclo de Troca | D38: 1
A39: ITEM | B39: DESCRITIVO | D39: VALOR UNITÁRIO | E39: VALOR TOTAL
A40: 6.2 | B40: Custo do Pneu (4 unidades) | D40: 365.38 | E40: =D40*4 -> 1461.52
A41: ITEM | B41: DESCRITIVO | D41: CUSTO ANUAL | E41: CUSTO MENSAL
A42: 6.3 | B42: Custo da Rodagem | D42: =(E40*D38) -> 1461.52 | E42: =D42/12 -> 121.79333
A43: SUBTOTAL | E43: =E42 -> 121.79333
A45: 7. DEPRECIAÇÃO | F45: REFERÊNCIAS
A46: ITEM | B46: DESCRITIVO | D46: % | E46: VIDA ÚTIL EM ANOS | F46: Manual Siafi - Ministério da Fazenda e BEC - Bolsa Eletrônica de Compras de São Paulo: Depreciação: 90% em 15 anos. Valor residual: 10%.
A47: 7.1 | B47: Percentual de Depreciação | D47: 0.9 | E47: 15
A48: ITEM | B48: DESCRITIVO | D48: % | E48: VALOR RESIDUAL
A49: 7.2 | B49: Percentual de Valor Residual | D49: 0.1 | E49: =E10*D49 -> 28917.598
A50: ITEM | B50: DESCRITIVO | D50: VALOR EM 180 | E50: VALOR MENSAL
A51: 7.3 | B51: Depreciação | D51: =E10*D47 -> 260258.38 | E51: =D51/180 -> 1445.8799
A52: SUBTOTAL | E52: =E51 -> 1445.8799
A54: 8. REMUNERAÇÃO DE CAPITAL | F54: REFERÊNCIAS
A55: ITEM | B55: DESCRITIVO | D55: REFERÊNCIA | E55: ACUMULADO 12 MESES | F55: Orientação Técnica Serviços de Coleta de Resíduos Sólidos Domiciliares - TCE-RS: Fórmulas: jm = (lm x i) /12 lm =((v0 - vr) x ((n+1)/(2 x n)))+vr Onde: Im - Investimento médio jm – Remuneração de capital mensal i – Taxa de juros do mercado (SELIC) v0 – Valor inicial do bem vr – Valor residual do bem n – Vida útil do bem em anos
A56: 8.1 | B56: Taxa de juros a.a | D56: Selic | E56: 0.1347
A57: ITEM | B57: DESCRITIVO | D57: VALOR DO INVESTIMENTO MÉDIO | E57: REMUNERAÇÃO DE CAPITAL MENSAL
A58: 8.2 | B58: Remuneração de Capital | D58: =D51*((E47+1)/(2*E47))+E49 -> 167722.07 | E58: =(D58*E56)/12 -> 1882.6802
A59: SUBTOTAL | E59: =E58 -> 1882.6802
A61: 9. RESUMO
A62: ITEM | B62: DESCRITIVO | D62: VALOR KM RODADO | E62: VALOR MENSAL
A63: 9.1 | B63: Manutenção | D63: =E63/$G$6 -> 1.3334226 | E63: =E16 -> 2400.1606
A64: 9.2 | B64: Combustível | D64: =E64/$G$6 -> 0.66777778 | E64: =E23 -> 1202
A65: 9.3 | B65: Lubrificante, Filtros e Graxas | D65: =E65/$G$6 -> 0.026711111 | E65: =E28 -> 48.08
A66: 9.4 | B66: Impostos e Seguros | D66: =E66/$G$6 -> 0.13387777 | E66: =E34 -> 240.97998
A67: 9.5 | B67: Rodagem | D67: =E67/$G$6 -> 0.067662963 | E67: =E43 -> 121.79333
A68: 9.6 | B68: Depreciação | D68: =E68/$G$6 -> 0.80326661 | E68: =E52 -> 1445.8799
A69: 9.7 | B69: Remuneração de Capital | D69: =E69/$G$6 -> 1.0459335 | E69: =E59 -> 1882.6802
A70: SUBTOTAL | E70: =SUM(E63:E69) -> 7341.5741

Sheet (B.2) Caminhão Basculante
A1: FORMAÇÃO DE CUSTO DE VEÍCULO
A3: VEÍCULO - REFERÊNCIA - CAMINHÃO BASCULANTE
A5: HORAS TRABALHADAS POR MÊS: | G5: 220
A6: KM RODADOS POR MÊS: | G6: 4000
A8: 1. VALOR DO CHASSI | F8: REFERÊNCIA
A9: ITEM | B9: DESCRITIVO | D9: % | E9: VALOR R$ | F9: Valor inicial: preço de mercado, veículos novos 0km, deduzido o valor dos pneus.
A10: 1.1 | B10: Valor Inicial | D10: 1 | E10: =(565980-E42) -> 547620.2
A11: SUBTOTAL | E11: =SUM(E10:E10) -> 547620.2
A13: 2. CUSTO DE MANUTENÇÃO | F13: REFERÊNCIAS
A14: ITEM | B14: DESCRITIVO | D14: COEF. ADOTADO | E14: CUSTO POR KM | F14: Planilha GEIPOT: Coeficiente de referência: de 0,0033 a 0,0083 Uso severo do veículo Guia do Transportador: Percentual de referência, varia de 0,65 a 0,85 a cada 6.000 km sobre o valor do veículo/equipamento, por essa metodologia o valor seria bem semelhante ao obtido com a metodologia da planilha GEIPOT.
A15: 2.1 | B15: Coeficiente | D15: 0.0083 | E15: =(D15/G5)*E11 -> 20.660217
A16: ITEM | B16: DESCRITIVO | D16: VALOR ANUAL | E16: VALOR MENSAL
A17: 2.2 | B17: Custo de Manutenção | D17: =E17*12 -> 54542.972 | E17: =E15*G5 -> 4545.2477
A18: SUBTOTAL | E18: =E17 -> 4545.2477
A20: 3. CUSTO DE COMBUSTÍVEL | F20: REFERÊNCIAS
A21: ITEM | B21: DESCRITIVO | D21: KM/L | E21: CONSUMO MENSAL - LTS | F21: Consumo médio conforme o Estudo Técnico Preliminar. Valor do combustível: preço médio da tabela da ANP, referente ao último levantamento de preços na cidade de Londrina-PR.
A22: 3.1 | B22: Consumo de Combustível | D22: 3.5 | E22: =G6/D22 -> 1142.8571
A23: ITEM | B23: DESCRITIVO | D23: R$/DIESEL | E23: VALOR MENSAL
A24: 3.2 | B24: Custo Unitário | D24: 6.01 | E24: =E22*D24 -> 6868.5714
A25: SUBTOTAL | E25: =E24 -> 6868.5714
A27: 4. CUSTO COM LUBRIFICANTE, FILTROS, GRAXAS E LAVAGENS | F27: REFERÊNCIAS
A28: ITEM | B28: DESCRITIVO | D28: % | E28: VALOR MENSAL | F28: Usual de mercado, percentual já adotado pela CMTU em demais contratos, calculado sobre o consumo de combustível. Planilha GEIPOT: Coeficientes de referência:0,04 a 0,06 l/km, que refletem uma variação de 8% a 15% sobre os coeficientes de consumo de combustível, da mesma planilha.
A29: 4.1 | B29: Custo com lubrificante, filtros, graxas e lavagens | D29: 0.1 | E29: =D29*E25 -> 686.85714
A30: SUBTOTAL | E30: =E29 -> 686.85714
A32: 5. CUSTO DE IMPOSTOS E SEGUROS | F32: REFERÊNCIAS
A33: ITEM | B33: DESCRITIVO | D33: % ou R$ | E33: VALOR MENSAL | F33: Detran/PR , IPVA sobre valor aproximado do chassi.
A34: 5.1 | B34: IPVA | D34: 0.01 | E34: =(D34*E10)/12 -> 456.35017
A35: 5.2 | B35: Seguro Obrigatório | E35: =D35/12 -> 0
A36: SUBTOTAL | E36: =SUM(E34:E35) -> 456.35017
A38: 6. CUSTO DE RODAGEM | F38: REFERÊNCIAS
A39: ITEM | B39: DESCRITIVO | D39: QTD. TROCAS ANUAL | F39: Ciclo de troca conforme Estudo Técnico Preliminar e informações da Coordenadoria de Controle de Frotas.
A40: 6.1 | B40: Ciclo de Troca | D40: 2
A41: ITEM | B41: DESCRITIVO | D41: VALOR UNITÁRIO | E41: VALOR TOTAL
A42: 6.2 | B42: Custo do Pneu (10 unidades) | D42: 1835.98 | E42: =D42*10 -> 18359.8
A43: ITEM | B43: DESCRITIVO | D43: CUSTO ANUAL | E43: CUSTO MENSAL
A44: 6.3 | B44: Custo da Rodagem | D44: =(E42*D40) -> 36719.6 | E44: =D44/12 -> 3059.9667
A45: SUBTOTAL | E45: =E44 -> 3059.9667
A47: 7. DEPRECIAÇÃO | F47: REFERÊNCIAS
A48: ITEM | B48: DESCRITIVO | D48: % | E48: VIDA ÚTIL EM ANOS | F48: Manual Siafi - Ministério da Fazenda e BEC - Bolsa Eletrônica de Compras de São Paulo: Depreciação: 90% em 15 anos. Valor residual: 10%.
A49: 7.1 | B49: Percentual de Depreciação | D49: 0.9 | E49: 15
A50: ITEM | B50: DESCRITIVO | D50: % | E50: VALOR RESIDUAL
A51: 7.2 | B51: Percentual de Valor Residual | D51: 0.1 | E51: =E10*D51 -> 54762.02
A52: ITEM | B52: DESCRITIVO | D52: VALOR EM 180 | E52: VALOR MENSAL
A53: 7.3 | B53: Depreciação | D53: =E10*D49 -> 492858.18 | E53: =D53/180 -> 2738.101
A54: SUBTOTAL | E54: =E53 -> 2738.101
A56: 8. REMUNERAÇÃO DE CAPITAL | F56: REFERÊNCIAS
A57: ITEM | B57: DESCRITIVO | D57: REFERÊNCIA | E57: ACUMULADO 12 MESES | F57: Orientação Técnica Serviços de Coleta de Resíduos Sólidos Domiciliares - TCE-RS: Fórmulas: jm = (lm x i) /12 lm =((v0 - vr) x ((n+1)/(2 x n)))+vr Onde: Im - Investimento médio jm – Remuneração de capital mensal i – Taxa de juros do mercado (SELIC) v0 – Valor inicial do bem vr – Valor residual do bem n – Vida útil do bem em anos
A58: 8.1 | B58: Taxa de juros a.a | D58: Selic | E58: 0.1347
A59: ITEM | B59: DESCRITIVO | D59: VALOR DO INVESTIMENTO MÉDIO | E59: REMUNERAÇÃO DE CAPITAL MENSAL
A60: 8.2 | B60: Remuneração de Capital | D60: =D53*((E49+1)/(2*E49))+E51 -> 317619.72 | E60: =(D60*E58)/12 -> 3565.2813
A61: SUBTOTAL | E61: =E60 -> 3565.2813
A63: 9. RESUMO
A64: ITEM | B64: DESCRITIVO | D64: VALOR KM RODADO | E64: VALOR MENSAL
A65: 9.1 | B65: Manutenção | D65: =E65/$G$6 -> 1.1363119 | E65: =E17 -> 4545.2477
A66: 9.2 | B66: Combustível | D66: =E66/$G$6 -> 1.7171429 | E66: =E25 -> 6868.5714
A67: 9.3 | B67: Lubrificante, Filtros e Graxas | D67: =E67/$G$6 -> 0.17171429 | E67: =E30 -> 686.85714
A68: 9.4 | B68: Impostos e Seguros | D68: =E68/$G$6 -> 0.11408754 | E68: =E36 -> 456.35017
A69: 9.5 | B69: Rodagem | D69: =E69/$G$6 -> 0.76499167 | E69: =E45 -> 3059.9667
A70: 9.6 | B70: Depreciação | D70: =E70/$G$6 -> 0.68452525 | E70: =E54 -> 2738.101
A71: 9.7 | B71: Remuneração de Capital | D71: =E71/$G$6 -> 0.89132033 | E71: =E61 -> 3565.2813
A72: SUBTOTAL | E72: =SUM(E65:E71) -> 21920.375

Sheet (B.3) Compactador 15m³
A1: FORMAÇÃO DE CUSTO DE VEÍCULO
A3: CAMINHÃO COMPACTADOR 15m³
A5: HORAS TRABALHADAS POR MÊS: | G5: 220
A6: KM RODADOS POR MÊS: | G6: 4000
A8: 1. VALOR DO CHASSI COM COMPACTADOR | F8: REFERÊNCIAS
A9: ITEM | B9: DESCRITIVO | D9: % | E9: VALOR R$ | F9: Valor médio de mercado, chassi 0km com compactador deduzido o valor dos pneus, compactador novo.
A10: 1.1 | B10: Chassi com Compactador | D10: 1 | E10: =616229.5-E43 -> 605213.62
A12: SUBTOTAL | E12: =SUM(E10:E11) -> 605213.62
A14: 2. CUSTO DE MANUTENÇÃO | F14: REFERÊNCIAS
A15: ITEM | B15: DESCRITIVO | D15: COEF. ADOTADO | E15: CUSTO POR KM | F15: Planilha GEIPOT: Coeficiente de referência: de 0,033 a 0,0083 Foi utilizada a mesma metodologia do contrato anterior, com o coeficiente máximo, em razão da fiscalização informar o uso severo dos caminhões. Guia do Transportador: Percentual de referência, varia de 0,65 a 0,85 a cada 6.000 km sobre o valor do veículo/equipamento, por essa metodologia o valor seria bem semelhante ao obtido com a metodologia da planilha GEiPOT, considerando também o índice máximo.
A16: 2.1 | B16: Coeficiente | D16: 0.0083 | E16: =(D16/G6)*E12 -> 1.2558183
A17: ITEM | B17: DESCRITIVO | D17: VALOR ANUAL | E17: VALOR MENSAL
A18: 2.2 | B18: Custo de Manutenção | D18: =E18*12 -> 60279.277 | E18: =E16*G6 -> 5023.273
A19: SUBTOTAL | E19: =E18 -> 5023.273
A21: 3. CUSTO DE COMBUSTÍVEL | F21: REFERÊNCIAS
A22: ITEM | B22: DESCRITIVO | D22: KM/L | E22: CONSUMO MENSAL - LTS | F22: Consumo médio conforme o Termo de Referência
A23: 3.1 | B23: Consumo de Combustível -Diesel S10 | D23: 3.5 | E23: =G6/D23 -> 1142.8571
A24: ITEM | B24: DESCRITIVO | D24: R$/DIESEL | E24: VALOR MENSAL
A25: 3.2 | B25: Custo Unitário | D25: 6.01 | E25: =E23*D25 -> 6868.5714
A26: SUBTOTAL | E26: =E25 -> 6868.5714
A28: 4. CUSTO COM LUBRIFICANTE, FILTROS, GRAXAS E LAVAGENS | F28: REFERÊNCIAS
A29: ITEM | B29: DESCRITIVO | D29: % | E29: CONSUMO MÊS | F29: Usual de mercado, percentual já adotado pela CMTU em demais contratos. Planilha GEIPOT: Coeficientes de referência:0,04 a 0,06 l/km, que refletem uma variação de 8% a 15% sobre os coeficientes de consumo de combustível, da mesma planilha.
A30: 4.1 | B30: Coeficiente sobre custo do combustível | D30: 0.1 | E30: =E26*D30 -> 686.85714
A31: SUBTOTAL | E31: =E30 -> 686.85714
A33: 5. CUSTO DE IMPOSTOS E SEGUROS | F33: REFERÊNCIAS
A34: ITEM | B34: DESCRITIVO | D34: % ou R$ | E34: VALOR MENSAL | F34: Detran/PR , IPVA sobre valor aproximado do chassi.
A35: 5.1 | B35: IPVA | D35: 0.01 | E35: =(D35*E10)/10 -> 605.21362
A36: 5.2 | B36: Seguro Obrigatório | E36: =D36/12 -> 0
A37: SUBTOTAL | E37: =SUM(E35:E36) -> 605.21362
A39: 6. CUSTO DE RODAGEM | F39: REFERÊNCIAS
A40: ITEM | B40: DESCRITIVO | E40: QTD. TROCAS ANUAL | F40: Ciclo de Troca: conforme Termo de Referência. Valores obtidos conforme pesquisa de mercado.
A41: 6.1 | B41: Ciclo de Troca | E41: 2
A42: ITEM | B42: DESCRITIVO | D42: VALOR UNITÁRIO | E42: VALOR TOTAL
A43: 6.2 | B43: Custo do Pneu (6 unidades) | D43: 1835.98 | E43: =D43*6 -> 11015.88
A45: ITEM | B45: DESCRITIVO | D45: CUSTO ANUAL | E45: CUSTO MENSAL
A46: 6.3 | B46: Custo da Rodagem | D46: =(E43+E44)*E41 -> 22031.76 | E46: =D46/12 -> 1835.98
A47: SUBTOTAL | E47: =E46 -> 1835.98
A48: 7. SISTEMA DE RASTREAMENTO | F48: REFERÊNCIAS
A49: ITEM | B49: DESCRITIVO | D49: VALOR UNITÁRIO | E49: VALOR TOTAL | F49: Valores obtidos conforme pesquisa de mercado.
A50: 7.1 | B50: Sistema de Rastreamento | E50: =D50 -> 0
A51: SUBTOTAL | E51: =E50 -> 0
A53: 8. DEPRECIAÇÃO | F53: REFERÊNCIAS
A54: ITEM | B54: DESCRITIVO | D54: % | E54: VIDA ÚTIL EM ANOS | F54: Orientação Técnica Serviços de Coleta de Resíduos Sólidos Domiciliares - TCE - RS: Depreciação: 65% em 5 anos (jornada de 16 horas/dia). Valor residual: 35%.
A55: 8.1 | B55: Percentual de Depreciação | D55: 0.65 | E55: 5
A56: ITEM | B56: DESCRITIVO | D56: % | E56: VALOR RESIDUAL
A57: 8.2 | B57: Percentual de Valor Residual | D57: 0.35 | E57: =E12*D57 -> 211824.77
A58: ITEM | B58: DESCRITIVO | D58: VALOR EM 60 MESES | E58: VALOR MENSAL
A59: 8.3 | B59: Depreciação | D59: =E12*D55 -> 393388.85 | E59: =D59/60 -> 6556.4809
A60: SUBTOTAL | E60: =E59 -> 6556.4809
A62: 9. REMUNERAÇÃO DE CAPITAL | F62: REFERÊNCIAS
A63: ITEM | B63: DESCRITIVO | D63: REFERÊNCIA | E63: ACUMULADO 12 MESES | F63: Orientação Técnica Serviços de Coleta de Resíduos Sólidos Domiciliares - TCE-RS: Fórmulas: jm = (lm x i) /12 lm =((v0 - vr) x ((n+1)/(2 x n)))+vr Onde: Im - Investimento médio jm – Remuneração de capital mensal i – Taxa de juros do mercado (SELIC) v0 – Valor inicial do bem vr – Valor residual do bem n – Vida útil do bem em anos
A64: 9.1 | B64: Taxa de juros a.a | D64: Selic | E64: 0.1347
A65: ITEM | B65: DESCRITIVO | D65: VALOR DO INVESTIMENTO MÉDIO | E65: REMUNERAÇÃO DE CAPITAL MENSAL
A66: 9.2 | B66: Remuneração de Capital | D66: =D59*((E55+1)/(2*E55))+E57 -> 447858.08 | E66: =(D66*E64)/12 -> 5027.2069
A67: SUBTOTAL | E67: =E66 -> 5027.2069
A69: 10. RESUMO
A70: ITEM | B70: DESCRITIVO | D70: VALOR KM RODADO | E70: VALOR MENSAL
A71: 10.1 | B71: Manutenção | D71: =E71/$G$6 -> 1.2558183 | E71: =E19 -> 5023.273
A72: 10.2 | B72: Combustível | D72: =E72/$G$6 -> 1.7171429 | E72: =E26 -> 6868.5714
A73: 10.3 | B73: Lubrificante, Filtros e Graxas | D73: =E73/$G$6 -> 0.17171429 | E73: =E31 -> 686.85714
A74: 10.4 | B74: Impostos e Seguros | D74: =E74/$G$6 -> 0.15130341 | E74: =E37 -> 605.21362
A75: 10.5 | B75: Rodagem | D75: =E75/$G$6 -> 0.458995 | E75: =E47 -> 1835.98
A76: 10.6 | B76: Sistema de Rastreamento | D76: =E76/$G$6 -> 0 | E76: =E51 -> 0
A77: 10.7 | B77: Depreciação | D77: =E77/$G$6 -> 1.6391202 | E77: =E60 -> 6556.4809
A78: 10.8 | B78: Remuneração de Capital | D78: =E78/$G$6 -> 1.2568017 | E78: =E67 -> 5027.2069
A79: SUBTOTAL | E79: =SUM(E71:E78) -> 26603.583

Sheet Equipamentos - Custo
A3: Descrição | B3: Valor | C3: Vida Útil em Meses | D3: % Residual | E3: Valor Residual | F3: Investimento Médio | G3: Depreciação Mensal | H3: Remuneração de Capital | I3: Taxa de Manutenção Mensal | J3: Custo Mensal | K3: Fonte
A4: Carreta Semi Reboque - 3,00 x 1,80 metros | B4: 16307.5 | C4: 180 | D4: 0.1 | E4: =(B4-200)*D4 -> 1610.75 | F4: 0 | G4: =(((B4-(B4*D4))/C4)) -> 81.5375 | H4: 0 | I4: =B4*5% -> 815.375 | J4: =G4+H4+I4 -> 896.9125 | K4: Vida útil: BEC; Manual Siafi.
A5: Máquina Motopoda | B5: 3718.78 | C5: 36 | D5: 0 | E5: =B5*D5 -> 0 | F5: 0 | G5: =(((B5-(B5*D5))/C5)) -> 103.29944 | H5: =(F5*12.79%)/12 -> 0 | I5: =B5*10% -> 371.878 | J5: =G5+H5+I5 -> 475.17744 | K5: Termo de Referência
A6: Máquina Motosserra | B6: 1875.75 | C6: 36 | D6: 0 | E6: =B6*D6 -> 0 | F6: 0 | G6: =(((B6-(B6*D6))/C6)) -> 52.104167 | H6: =(F6*12.79%)/12 -> 0 | I6: =B6*10% -> 187.575 | J6: =G6+H6+I6 -> 239.67917 | K6: Termo de Referência
A7: Máquina Roçadeira | B7: 2195.72 | C7: 36 | D7: 0 | E7: =B7*D7 -> 0 | F7: 0 | G7: =(((B7-(B7*D7))/C7)) -> 60.992222 | H7: =(F7*12.79%)/12 -> 0 | I7: =B7*10% -> 219.572 | J7: =G7+H7+I7 -> 280.56422 | K7: Termo de Referência

Sheet Rem. Capital
A1: Remuneração de Capital sobre Veículos e Equipamentos
A4: DESCRIÇÃO | B4: QTD. | C4: VALOR UNITÁRIO | D4: VALOR TOTAL
A5: Veículo transporte passageiros - Van | B5: 1 | C5: ='(B.1) Van'!E59 -> 1882.6802 | D5: =C5*B5 -> 1882.6802
A6: Caminhão Basculante | B6: 7 | C6: ='(B.2) Caminhão Basculante'!E60 -> 3565.2813 | D6: =C6*B6 -> 24956.969
A7: Caminhão Compactador | B7: 1 | C7: ='(B.3) Compactador 15m³'!E66 -> 5027.2069 | D7: =C7*B7 -> 5027.2069
A8: TOTAL | D8: =SUM(D5:D7) -> 31866.856
